 Dungeon Crawl Stone Soup version 0.31.0-1-g2c135a0 (webtiles) character file.

Game seed: 6700747671254954499

18370618 Biscolet the Conqueror (level 27, 191/191 (205) HPs)
             Began as a Djinni Fire Elementalist on Feb 16, 2024.
             Was a High Priest of Jiyva.
             Escaped with the Orb
             ... and 15 runes
             ... and 2 gems on Feb 23, 2024!
             The game lasted 11:38:04 (84805 turns).

Biscolet the Conqueror (Djinni Fire Elementalist)  Turns: 84805, Time: 11:38:05

HP:   191/191 (205) AC: 13    Str:  6    XL:     27
Gold: 9870          EV: 39    Int: 32    God:    Jiyva [*****.] SH: 34 Dex: 23

rFire   + + +        Q - +10 zealot's sword {holy, Zealotry, *Rage rN+ EV+3}
rCold   + + .        q - +7 tower shield {rC+}
rNeg    + + +        X - +5 moon troll leather armour {Spirit, Regen++ MP+5}
rPois   ∞            w - +1 hat {SInv}
rElec   +            d - scarf of the End {shadows, rF+ rN+ Regen+}
rCorr   +            Y - +0 pair of fencer's gloves {Riposte Dex+3}
SInv    +            (boots unavailable)
Will    ++++.        p - dreamshard necklace {Acrobat *Dream}
Stlth   ++           c - ring "Juit" {rF+ rC++ rN+ Will-}
HPRegen 4.35/turn    K - ring of Xaser {*Corrode rElec Will+ Str-2 Dex+8 Stlth+}
MPRegen 0.00/turn

%: random rage (20%), corrode self (3%), acrobat, guardian spirit
@: flying, studying 2 skills, drained
A: sickness immunity, fire resistance 2, cold vulnerability 1, float, innate
caster, HP casting, extra vitality 1, horns 1, clever 1, clumsy 1, deformed
body, frail 1, strong-willed 2, eyeballs 1, translucent skin 1, sturdy frame 1,
noise suppression
0: Orb of Zot
}: 15/15 runes: barnacled, slimy, silver, golden, iron, obsidian, icy, bone,
abyssal, demonic, glowing, magical, fiery, dark, gossamer
a: Renounce Religion, Oozemancy, Slimify


You escaped.
You worshipped Jiyva.
Jiyva was extremely pleased with you.
You visited 17 branches of the dungeon, and saw 87 of its levels.
You visited Pandemonium 1 time, and saw 25 of its levels.
You visited the Abyss 3 times.
You also visited: Trove, Sewer, Ossuary and Bailey.

You collected 10306 gold pieces.
You spent 436 gold pieces at shops.

Inventory:

Hand Weapons
 v - the +16 obsidian axe {drain, demonic, Mesm ^Drain Fly SInv}
   (You found it on level 5 of the Pits of Slime)

   Mesm:      Its wielder is mesmerised by any visible foes, and it cannot be
   unequipped while any foes are visible.
   SInv:      It lets you see invisible.
   Fly:       It grants you flight.
   ^Drain:    It drains your maximum health when unequipped.
 L - the +13 sceptre of Asmodeus
   (You took it off Asmodeus on level 7 of Gehenna)

   Fire Summon: It may summon demons of flame and damnation when striking foes.
 Q - the +10 zealot's sword (weapon) {holy, Zealotry, *Rage rN+ EV+3}
   (You found it on level 5 of the Pits of Slime)

   Zealotry:  Whenever the wielder enters a berserk rage, their allies are
   berserked alongside them.
   EV+3:      It affects your evasion (+3).
   rN+:       It protects you from negative energy.
   *Rage:     It berserks you when you make melee attacks (+20% chance).
Armour
 d - the scarf of the End (worn) {shadows, rF+ rN+ Regen+}
   (You acquired it on level 7 of the Dungeon)

   rF+:       It protects you from fire.
   rN+:       It protects you from negative energy.
   Regen+:    It increases your rate of health regeneration.
 q - a +7 tower shield of cold resistance (worn)
 w - a +1 hat of see invisible (worn)
 J - the +0 hat "Kacun" {rElec}
   (You found it on level 3 of the Elven Halls)

   rElec:     It insulates you from electricity.
 X - the +5 moon troll leather armour (worn) {Spirit, Regen++ MP+5}
   (You found it on level 5 of the Pits of Slime)

   MP+5:      It affects your magic capacity (+5).
   Regen++:   It increases your rate of health regeneration.
 Y - the +0 pair of fencer's gloves (worn) {Riposte Dex+3}
   (You found it on level 7 of Gehenna)

   Riposte:   It allows the wearer to riposte with melee weapons, swiftly
   retaliating against missed or blocked melee attacks.
   Dex+3:     It affects your dexterity (+3).
Magical Staves
 N - the staff of the Doomed Warrior {^Contam rElec rN++ rCorr Summ Air}
   (You found it on level 3 of the Elven Halls)

   [staff of air]

   Base accuracy: +5 Base damage: 5 Base attack delay: 1.2 This weapon's minimum
   attack delay (0.6) is reached at skill level 12.
   rElec:     It insulates you from electricity.
   rN++:      It greatly protects you from negative energy.
   ^Contam:   It causes magical contamination when unequipped.
   rCorr:     It protects you from acid and corrosion.
   Summ:      It increases the power of your Summonings spells.
   Air:       It increases the power of your Air spells.
   It falls into the 'Staves' category.
   It is a one-handed weapon.
Jewellery
 c - the ring "Juit" (left hand) {rF+ rC++ rN+ Will-}
   (You took it off Antaeus on level 7 of Cocytus)

   [ring of protection from fire]

   rF+:       It protects you from fire.
   rC++:      It greatly protects you from cold.
   rN+:       It protects you from negative energy.
   Will-:     It decreases your willpower.
 f - the ring "Mocu" {rPois rC- rCorr Str+5 Int+6 Stlth+}
   (You acquired it on level 3 of the Tomb of the Ancients)

   [ring of intelligence]

   Str+5:     It affects your strength (+5).
   Int+6:     It affects your intelligence (+6).
   rC-:       It makes you vulnerable to cold.
   rPois:     It protects you from poison rCorr: It protects you from acid and
   corrosion.
   Stlth+:    It makes you more stealthy.
 i - the ring of Baarory {rElec AC+4 Str+2 Int+3 Dex-4}
   (You took it off a guardian mummy on level 3 of the Tomb of the Ancients)

   [ring of protection]

   AC+4:      It affects your AC (+4).
   Str+2:     It affects your strength (+2).
   Int+3:     It affects your intelligence (+3).
   Dex-4:     It affects your dexterity (-4).
   rElec:     It insulates you from electricity.
 m - the ring "Furefuig" {*Slow rC+ EV+5 Str+4}
   (You found it in a treasure trove)

   [ring of evasion]

   EV+5:      It affects your evasion (+5).
   Str+4:     It affects your strength (+4).
   rC+:       It protects you from cold.
   *Slow:     It may slow you when you take damage.
 p - the dreamshard necklace (around neck) {Acrobat *Dream}
   (You found it in a bailey)

   [amulet of the acrobat]

   *Dream:    It absorbs a single lethal wound into itself, holding its wearer
   just short of death and releasing dream-creatures to guard them.
   Acrobat:   It increases your evasion while moving and waiting.
 F - the ring "Ering" {rF+ rC+ Int+6 Dex+5}
   (You found it in a treasure trove)

   [ring of intelligence]

   Int+6:     It affects your intelligence (+6).
   Dex+5:     It affects your dexterity (+5).
   rF+:       It protects you from fire.
   rC+:       It protects you from cold.
 K - the ring of Xaser (right hand) {*Corrode rElec Will+ Str-2 Dex+8 Stlth+}
   (You found it on level 3 of the Depths)

   [ring of willpower]

   Str-2:     It affects your strength (-2).
   Dex+8:     It affects your dexterity (+8).
   rElec:     It insulates you from electricity.
   Will+:     It increases your willpower.
   *Corrode:  It may corrode you when you take damage.
   Stlth+:    It makes you more stealthy.
 P - the amulet of the Air {Inacc Air Fly rElec RMsl}
   (You found it on level 3 of the Tomb of the Ancients)

   [amulet of nothing]

   Inacc:     It reduces the accuracy of your attacks and spells.
   Air:       It enhances your air magic.
   rElec:     It insulates you from electricity.
   Fly:       It grants you flight.
   RMsl:      It protects you from missiles.
 R - the ring of Xom's Attic {Wiz rF- Will+ SInv Stlth+}
   (You took it off a balrug on level 7 of Gehenna)

   [ring of wizardry]

   Wiz:       It improves your spell success rate.
   rF-:       It makes you vulnerable to fire.
   Will+:     It increases your willpower.
   SInv:      It lets you see invisible.
   Stlth+:    It makes you more stealthy.
 S - the ring "Ehoem" {^Drain rElec rN+++ rCorr Str+6}
   (You found it on level 3 of the Elven Halls)

   [ring of strength]

   Str+6:     It affects your strength (+6).
   rElec:     It insulates you from electricity.
   rN+++:     It renders you almost immune to negative energy.
   rCorr:     It protects you from acid and corrosion.
   ^Drain:    It drains your maximum health when unequipped.
Wands
 s - a wand of digging (18)
 y - a wand of roots (48)
Scrolls
 a - 5 scrolls of poison
 b - 2 scrolls of blinking
 e - 2 scrolls of revelation
 g - 3 scrolls of torment
 h - 3 scrolls of butterflies
 k - 11 scrolls of vulnerability
 l - 10 scrolls of enchant weapon
 n - 3 scrolls of teleportation
 x - 2 scrolls of fog
 E - 9 scrolls of immolation
 M - 6 scrolls of brand weapon
 U - 4 scrolls of silence
 W - 6 scrolls of fear
Potions
 j - 14 potions of curing
 t - 3 potions of brilliance
 u - 14 potions of mutation
 z - 2 potions of invisibility
 A - 5 potions of might
 B - 3 potions of haste
 C - 4 potions of resistance
 D - 6 potions of cancellation
 G - 4 potions of enlightenment
 I - 7 potions of ambrosia
 O - 5 potions of lignification
 Z - a potion of berserk rage (quivered)
Miscellaneous
 o - the horn of Geryon
 r - a figurine of a ziggurat
 T - a phantom mirror
 V - a phial of floods


   Skills:
 O Level 27 Fighting
 - Level 14.0 Long Blades
 - Level 1.5 Axes
 + Level 26.5 Armour
 O Level 27 Dodging
 - Level 1.5 Stealth
 O Level 27 Shields
 O Level 27 Spellcasting
 O Level 27 Conjurations
 O Level 27 Hexes
 O Level 27 Summonings
 O Level 27 Necromancy
 O Level 27 Translocations
 O Level 27 Fire Magic
 O Level 27 Ice Magic
 O Level 27 Air Magic
 O Level 27 Earth Magic
 O Level 27 Alchemy
 - Level 18.0 Evocations


You knew the following spells:

 Your Spells              Type           Power      Damage    Failure   Level
a - Foxfire               Conj/Fire      100%       2x1d9     0%          1
b - Scorch                Fire           100%       2d9       0%          2
c - Volatile Blastmotes   Fire/Tloc      100%       2d18      0%          3
d - Inner Flame           Hex/Fire       100%       N/A       0%          3
e - Flame Wave            Conj/Fire      100%       2d21      0%          4
f - Shock                 Conj/Air       100%       1d9       0%          1
g - Momentum Strike       Conj/Tloc      100%       3d10      0%          2
h - Fugue of the Fallen   Necr           100%       N/A       0%          3
i - Mephitic Cloud        Conj/Alch/Air  100%       N/A       0%          3
j - Iskenderun's Battles  Conj           100%       2d15      0%          5
k - Summon Mana Viper     Hex/Summ       100%       N/A       0%          5
l - Summon Cactus Giant   Summ           60%        N/A       0%          6
m - Plasma Beam           Fire/Air       60%        2x1d76    0%          6
n - Ozocubu's Refrigerat  Ice            60%        4d20      0%          7
o - Disjunction           Tloc           60%        N/A       1%          8
p - Monstrous Menagerie   Summ           60%        N/A       0%          7
q - Lehudib's Crystal Sp  Conj/Erth      60%        10d14     1%          8
r - Polar Vortex          Ice            60%        12d8*     1%          9
Your spell library was empty.

Dungeon Overview and Level Annotations

Branches:
Dungeon (15/15)            Temple (0/1) D:6            Lair (5/5) D:9
 Shoals (4/4) Lair:2       Spider (4/4) Lair:2        Slime (5/5) Lair:4
    Orc (2/2) D:10            Elf (3/3) Orc:2        Vaults (5/5) D:14
  Crypt (3/3) Vaults:2       Tomb (3/3) Crypt:3      Depths (4/4) D:15
   Hell (visited)             Dis (7/7) Hell            Geh (7/7) Hell
    Coc (7/7) Hell            Tar (7/7) Hell            Zot (5/5) Depths:4
  Sewer (visited)         Ossuary (visited)          Bailey (visited)

Altars:
Ashenzari
Cheibriados
Dithmenos
Elyvilon
Fedhas
Hepliaklqana
Makhleb
Nemelex Xobeh
Qazlal
Ru
Trog
Uskayaw
Wu Jian
Yredelemnul
Zin
The Shining One
Jiyva

Shops:
D:6 =   D:7 [   D:10 ([   Orc:2 *(*(   Elf:1 *(?   Elf:3 !   Shoals:2 =
Vaults:2 *   Vaults:4 *

Portals:
Hell: Depths:1 Depths:2 Depths:3 Depths:4
Abyss: Depths:1 Depths:3
Pandemonium: Depths:2 Depths:3
Ziggurat: Depths:4

Annotations:
D:8 3 runed translucent doors
D:10 exclusion: obsidian statue
D:15 2 transporters, ElricMelnibone's ghost, adept DsMo
Slime:5 Royal Jelly
Elf:2 3 runed translucent doors
Vaults:1 3 runed translucent doors, Anosyof's ghost, adept CeHu
Depths:2 1 runed translucent door, aor's ghost, adept MiMo
Dis:7 Dispater


Innate Abilities, Weirdness & Mutations

You are immune to sickness and miasma.
You are immune to poison.
Your flesh is very heat resistant. (rF++)
You are vulnerable to cold. (rC-)
You float through the air rather than walking.
You learn spells naturally, not from books.
Your magical power is your life essence.
You have superior vitality. (+4 MHP)
You have a pair of small horns on your head.
Your mind is acute. (Int +4, Str/Dex -1)
You are clumsy. (Dex -2)
Armour fits poorly on your strangely shaped body.
You are frail. (-10% HP)
You are highly strong-willed. (Will++)
Your body has grown eyes which may confuse attackers. (Acc +3)
Your translucent skin slightly reduces your foes' accuracy. (Stealth+)
Your movements are slightly less encumbered by armour. (ER -2)
You passively dampen the noise of your surroundings.


Message History

There is a stone staircase leading down here.
What level of the Dungeon? (default 1, ? - help)
There is a stone staircase leading up here.
You fly upwards.
There is a stone staircase leading down here.
There is a stone staircase leading up here.
You fly upwards.
There is a stone staircase leading down here.
Things that are here:
a +0 club; a gnoll skeleton You swap places.
There is a stone staircase leading up here.
You fly upwards.
There is a stone staircase leading down here.
A tormentor comes into view.
Press: ? - help, v - describe, . - travel
Here: a tormentor The floor.
Casting: Ozocubu's Refrigeration (safe; 0% risk of failure)
Confirm with . or Enter, or press ? or * to list all spells.
Casting: Plasma Beam (safe; 0% risk of failure)
Press: ? - help, Dir - look around, f - activate The bolt of lightning hits the tormentor!!!
You kill the tormentor!
There is a stone staircase leading up here.
You fly upwards.
There is a stone staircase leading down here.
What level of the Dungeon? (default 1, ? - help)
You hear a distant slurping noise.
There is a stone staircase leading up here.
You fly upwards.
There is a stone staircase leading down here.
There is a stone staircase leading up here.
You fly upwards.
There is a stone staircase leading down here.
Okay, then.
Unknown command.
There is a staircase leading out of the dungeon here.
Unknown command.
You have escaped!

#≈≈≈≈≈≈≈≈≈≈≈.## ####.
#≈≈≈≈≈≈≈≈≈≈~.# #.
#≈≈≈≈≈≈≈≈≈~..# ##
#≈≈≈≈≈≈≈≈~~..#
#≈≈≈≈≈≈≈≈~...#
#≈≈≈≈≈≈≈~....#
#≈≈≈≈~~......#
#≈≈~~...##.###
#≈~.....#@.#
#~.........#
#~[#....####
#..####...# #### ###.#
##### #.####### ###....
#####.......####.#.###
##...#.##...........###
#......##.##.####......


There were no monsters in sight!

Vanquished Creatures
  Cerebov (Pan)
  Antaeus (Coc:7)
  Asmodeus (Geh:7)
  8 pandemonium lords (Pan)
  Gloorx Vloq (Pan)
  the Serpent of Hell (Dis:7)
  Ignacio (Pan)
  Mnoleg (Pan)
  Ereshkigal (Tar:7)
  6 dread liches
  6 orbs of fire (Zot:5)
  9 ancient liches
  5 juggernauts
  Sojobo (Crypt:2)
  38 royal mummies
  18 shard shrikes
  Vv (Depths:4)
  4 Killer Klowns (Zot:5)
  Geryon (Hell)
  15 caustic shrikes (Dis:7)
  2 curse toes (Zot:2)
  Nikola (Spider:2)
  6 profane servitors
  24 bone dragons
  7 golden dragons
  A pearl dragon (Depths:4)
  8 doom hounds
  4 hellephants
  17 Tzitzimimeh
  3 electric golems
  A shard shrike zombie (Tar:7)
  16 iron giants
  19 Brimstone Fiends
  A walking earthen tome (Depths:4)
  2 shard shrike skeletons
  28 Orb Guardians
  14 tainted leviathans
  25 titans
  18 tentacled monstrosities
  4 quicksilver dragons
  28 Hell Sentinels
  25 Ice Fiends
  10 liches
  4 deep elf master archers
  10 sphinxes
  A deep elf blademaster (Elf:3)
  A kraken (Shoals:4)
  14 searing wretches
  4 tentacled starspawn
  30 Executioners (Pan)
  12 death cobs
  9 shadow dragons
  38 ancient champions
  16 storm dragons
  4 revenants
  7 tengu reavers
  Aizul (Spider:2)
  14 draconian monks
  Donald (Shoals:3)
  4 fenstrider witches (Pan)
  11 draconian knights
  8 frost giants
  9 protean progenitors
  8 demonspawn warmongers (Pan)
  17 narguns
  4 nagarajas (Pan)
  6 deep elf sorcerers
  15 vault wardens
  4 draconian shifters
  8 emperor scorpions
  10 quicksilver elementals
  21 fire giants
  6 iron dragons
  37 balrugs
  14 ghost moths
  3 spectral caustic shrikes
  11 ghouls
  3 draconian scorchers
  4 deep elf elementalists (Elf:3)
  8 shard shrike simulacra
  3 curse skulls
  7 draconian stormcallers
  32 cacodemons
  An orc warlord (Vaults:4)
  2 angels (Pan)
  2 broodmothers
  17 draconian annihilators
  20 very ugly things
  19 ironbound preservers
  6 ironbound thunderhulks
  14 stone giants
  7 caustic shrike skeletons
  11 demonspawn corrupters
  24 elemental wellsprings
  37 reapers
  12 demonspawn blood saints (Pan)
  An ophan (Depths:4)
  3 vampire knights
  3 starflowers (Abyss:3)
  22 putrid mouths
  2 juggernaut skeletons (Pan)
  13 wendigos
  9 deep elf demonologists
  13 deep elf death magi
  8 red draconians
  A spectral titan (Tar:1)
  8 bennus
  9 green draconians
  9 yellow draconians
  12 lorocyprocas
  8 black draconians
  11 dire elephants
  13 demonspawn black suns
  31 war gargoyles
  2 spark wasps (Depths:2)
  14 deep elf annihilators
  17 starcursed masses
  7 white draconians
  8 ettins
  17 eidola
  25 blizzard demons
  24 green deaths
  13 iron golems
  7 fire dragons
  11 purple draconians
  2 spectral quicksilver dragons
  7 merfolk javelineers (Shoals:4)
  Josephine (D:12)
  7 entropy weavers
  10 jiangshi
  8 merfolk impalers
  24 mummy priests
  2 quicksilver dragon zombies
  A spectral spriggan (Tar:1)
  5 deep elf high priests
  31 vault guards
  12 yaktaur captains
  Fannar (D:12)
  8 rakshasas
  6 hydras
  A spectral fenstrider witch (Tar:1)
  Erolcha (Orc:2)
  4 peacekeepers
  6 ice dragons
  A sphinx zombie (Crypt:3)
  4 juggernaut simulacra
  A quicksilver dragon skeleton (Crypt:2)
  3 hell beasts
  2 jorogumos (Pan)
  A spectral shadow dragon (Tar:1)
  2 ogre magi
  3 spriggan air magi
  2 spriggan skeletons
  10 salamander tyrants
  4 boulder beetles
  A fenstrider witch zombie (Crypt:1)
  9 caustic shrike simulacra
  A catoblepas (Lair:5)
  4 merfolk avatars
  6 ironbound frosthearts
  2 fenstrider witch skeletons
  3 centaur warriors
  4 death knights
  3 radroaches
  9 two-headed ogres
  6 satyrs
  7 dancing weapons
  8 deep troll earth magi
  8 stokers
  An Orb Guardian skeleton (Crypt:1)
  6 death yaks (Lair:3)
  5 deep troll shamans
  9 tengu warriors
  96 death scarabs
  18 demonic crawlers
  3 spriggan berserkers
  43 hell hogs
  An alligator snapping turtle (Shoals:4)
  9 merfolk aquamancers
  4 orc high priests (Orc:2)
  10 occultists
  8 hell knights
  A titan zombie (Abyss:3)
  4 vampire magi
  3 shock serpents (Zot:3)
  Nergalle (D:11)
  10 deep elf knights
  6 holy swine (Pan)
  3 thrashing horrors
  8 crystal echidnas
  39 soul eaters
  53 sun demons
  An iron troll (Depths:4)
  30 sixfirhies
  11 wretched stars
  2 storm dragon zombies
  49 shadow wraiths
  2 skysharks
  2 hellephant skeletons (Pan)
  30 skeletal warriors
  A quicksilver dragon simulacrum (Coc:6)
  3 death drakes
  A cherub (Pan)
  A spark wasp zombie (Crypt:3)
  An anaconda zombie (Hell)
  12 sea snakes
  A spectral bunyip (Tar:1)
  8 orb spiders
  59 deep trolls
  A kraken simulacrum (Hell)
  2 golden dragon zombies
  An iron giant zombie (Tar:7)
  23 shadow demons
  A spectral anaconda (Tar:4)
  14 flayed ghosts
  5 pharaoh ants
  A bunyip zombie (Tomb:1)
  4 sun moths
  A mana viper (shapeshifter) (Vaults:5)
  32 large abominations
  A spriggan simulacrum (Coc:5)
  25 phantasmal warriors
  7 arcanists
  A fenstrider witch simulacrum (Coc:2)
  3 anaconda skeletons
  9 lindwurms
  A harpy (shapeshifter) (Elf:2)
  5 harpies (Vaults:1)
  9 ironbound convokers
  11 deep elf archers
  An alligator zombie (Hell)
  11 orc knights
  12 steelbarb worms
  8 necromancers
  A lindwurm (shapeshifter) (D:13)
  14 deep elf zephyrmancers
  14 wolf spiders
  4 obsidian statues (Depths:3)
  An iron dragon zombie (Tomb:3)
  3 oklob plants (Abyss:3)
  18 ugly things
  2 will-o-the-wisps
  21 deep elf pyromancers
  Maurice (D:11)
  17 manticores
  A dire elephant zombie (Tar:7)
  4 worldbinders
  A frost giant zombie (Crypt:1)
  3 fauns (Shoals:3)
  An eleionoma skeleton (Crypt:2)
  A stone giant skeleton (Tomb:1)
  5 cyclopes
  2 alligator skeletons (Hell)
  10 elephants
  An iron dragon skeleton (Crypt:3)
  A spectral centaur (Tar:2)
  6 meliai
  25 moths of wrath
  14 vault sentinels
  A water nymph (shapeshifter) (Vaults:5)
  9 merfolk sirens
  2 kobold blastminers (Orc:2)
  5 titan simulacra
  An elephant (shapeshifter) (Vaults:5)
  10 molten gargoyles
  4 water nymphs (Shoals:3)
  4 ice statues
  11 rust devils
  3 black mambas
  50 smoke demons
  29 orange demons
  2 centaur skeletons
  A cane toad (shapeshifter) (Abyss:3)
  8 cane toads
  A purple draconian zombie (Crypt:1)
  A kobold demonologist (D:9)
  A yellow draconian zombie (Crypt:3)
  5 torpor snails
  An unseen horror zombie (D:8)
  28 hellions
  8 komodo dragons
  An unseen horror (D:12)
  A green draconian zombie (Crypt:2)
  3 rime drakes (Lair:5)
  9 efreet (Pan)
  6 anaconda simulacra
  An alligator snapping turtle skeleton (Crypt:2)
  16 freezing wraiths
  A white draconian zombie (Crypt:1)
  26 yaktaurs
  3 iron giant simulacra
  2 spectral nagas
  A sea snake zombie (Hell)
  4 ice devils
  A black draconian skeleton (Crypt:2)
  25 tormentors
  3 harpy zombies
  6 red devils
  A green draconian skeleton (Zot:2)
  6 tengu conjurers
  7 ancient zymes (Abyss:2)
  A minotaur skeleton (Crypt:2)
  48 guardian mummies
  A queen bee (shapeshifter) (Spider:1)
  8 trolls
  25 merfolk
  A sea snake skeleton (Hell)
  5 spectral harpies
  20 wind drakes
  3 polar bears
  A silent spectre (Tar:3)
  22 tarantellas
  4 hornets
  A hydra zombie (Hell)
  25 hellwings
  4 raiju
  A queen bee (Spider:4)
  17 blink frogs
  A harpy skeleton (Tomb:1)
  A meliai zombie (Crypt:2)
  12 snapping turtles
  2 spriggan zombies
  A stone giant simulacrum (Crypt:2)
  A sun moth zombie (Crypt:1)
  A draconian simulacrum (Coc:1)
  8 dream sheep
  A black mamba zombie (Crypt:1)
  An iron dragon simulacrum (Coc:7)
  28 jumping spiders
  7 dire elephant simulacra
  A centaur simulacrum (Hell)
  A slime creature (Pan)
  14 culicivoras
  A spriggan (shapeshifter) (D:15)
  19 water elementals
  2 air elementals (Depths:3)
  10 shadows
  An ice dragon skeleton (Crypt:3)
  33 ynoxinuls
  2 wyverns
  A wyvern (shapeshifter) (Elf:1)
  50 yaks
  13 spriggans (Lair:5)
  9 ushabtiu
  4 fire bats (Lair:5)
  Grum (D:8)
  4 black mamba skeletons
  16 wraiths
  4 basilisks
  8 fire elementals
  30 neqoxecs
  4 wargs
  9 humans
  10 vampire mosquitoes
  3 steam dragons
  A yaktaur simulacrum (Vaults:1)
  74 redbacks
  A redback simulacrum (D:14)
  6 harpy simulacra
  A naga zombie (Tomb:3)
  A faun zombie (Crypt:3)
  A water nymph zombie (Crypt:2)
  23 chaos spawn (Pan)
  A deep troll skeleton (Crypt:3)
  9 small abominations
  An entropy weaver zombie (Crypt:2)
  2 acid dragons
  2 hydra simulacra
  17 water moccasins
  9 hell hounds (Hell)
  2 naga skeletons
  A demonspawn skeleton (Crypt:3)
  46 orc warriors
  An ice beast (D:5)
  A nameless horror (Spider:1)
  7 black bears
  2 sky beasts
  An ice dragon simulacrum (Crypt:2)
  30 laughing skulls
  8 ogres
  2 ettin simulacra
  3 boggarts (Lair:5)
  A lindwurm zombie (Crypt:2)
  39 wolves
  2 centaurs
  10 weeping skulls
  4 kobold brigands (Bailey)
  16 bullfrogs
  A komodo dragon skeleton (Crypt:2)
  11 scorpions
  A wyvern zombie (D:8)
  5 earth elementals
  9 necrophages
  13 wights
  A polar bear zombie (Crypt:1)
  A swamp dragon simulacrum (Coc:1)
  21 killer bees
  6 howler monkeys
  2 bombardier beetles
  2 electric eels (Spider:2)
  5 centaur zombies
  2 human zombies (Ossuary)
  6 hounds
  9 jellies
  A gnoll bouda (D:5)
  30 orc priests
  Natasha (D:3)
  6 scorpion zombies (Ossuary)
  Terence (D:3)
  2 iron imps (Abyss:2)
  6 iguanas
  17 orc wizards
  12 hell rats
  A crocodile zombie (Crypt:1)
  54 mummies
  A howler monkey zombie (D:8)
  3 gnolls
  7 adders
  11 river rats (Lair:2)
  5 white imps
  An ufetubus (Abyss:2)
  3 adder zombies (Ossuary)
  A ribbon worm (D:2)
  63 orcs
  9 ball pythons
  3 bats
  12 endoplasms
  9 giant cockroaches
  5 hobgoblins
  17 kobolds
  2 quokkas (D:2)
  A ball python zombie (Ossuary)
  7 frilled lizards
  A gnoll skeleton (Crypt:1)
  2 gnoll zombies (Ossuary)
  8 goblins
  A hobgoblin skeleton (Crypt:1)
  An orc zombie (Ossuary)
  10 rats
  9 aspiring fleshes
  6 creeping infernos
  21 fire vortices
  6 foxfires
  2 lurking horrors (Abyss:3)
4039 creatures vanquished.

Vanquished Creatures (collateral kills)
  A pearl dragon (Depths:4)
  A Tzitzimitl (Pan)
  Rupert (D:15)
  A hellephant (Geh:7)
  An Ice Fiend (Coc:7)
  A deep elf blademaster (Elf:3)
  A searing wretch (Geh:7)
  A sphinx (Tomb:1)
  Frances (D:13)
  A storm dragon (Depths:3)
  Louise (D:15)
  2 curse skulls
  A cacodemon (Pan)
  2 very ugly things (Depths:3)
  An ironbound preserver (Vaults:2)
  An apis (Depths:4)
  A wendigo (Coc:1)
  Azrael (D:15)
  A dire elephant (Spider:3)
  3 blizzard demons (Pan)
  A crystal guardian (Vaults:3)
  2 mummy priests
  A vault guard (D:14)
  An ice dragon (Depths:3)
  A spriggan skeleton (Tomb:3)
  2 boulder beetles
  A salamander tyrant (Geh:7)
  A catoblepas (D:14)
  2 two-headed ogres
  4 centaur warriors
  A death yak (Lair:5)
  17 dancing weapons
  A titan zombie (Tomb:1)
  An orc high priest (Orc:2)
  A shock serpent (Depths:3)
  A storm dragon zombie (D:15)
  2 soul eaters (Pan)
  A shadow wraith (Tar:7)
  3 skeletal warriors
  A large abomination (Abyss:3)
  An arcanist (D:14)
  A bunyip skeleton (Crypt:2)
  A deep elf archer (Spider:3)
  3 orc knights (Orc:2)
  2 necromancers
  3 ugly things
  2 cyclopes
  4 elephants (Lair:4)
  A black mamba (Lair:5)
  A smoke demon (Pan)
  3 komodo dragons
  A tormentor (Coc:4)
  An ice devil (Pan)
  A freezing wraith (Coc:1)
  A merfolk (D:13)
  8 guardian mummies (Tomb:3)
  A tengu conjurer (D:13)
  A blink frog (Abyss:3)
  A hornet (Lair:5)
  A raiju (Spider:3)
  A centaur simulacrum (Crypt:1)
  A spriggan (Lair:5)
  2 ushabtiu (Tomb:3)
  A dire elephant simulacrum (Crypt:2)
  A wraith (D:13)
  6 yaks (Lair:5)
  2 humans (D:13)
  2 fire elementals (Depths:3)
  A neqoxec (Pan)
  A harpy simulacrum (Coc:1)
  3 hell hounds (D:15)
  A water moccasin (Lair:1)
  2 orc warriors (Orc:2)
  An ogre (D:15)
  A black mamba simulacrum (Crypt:2)
  A centaur (D:14)
  A wolf (Lair:2)
  A kobold brigand (Bailey)
  5 earth elementals
  2 orc wizards
  4 hell rats (Lair:1)
  A river rat (Lair:2)
  4 orcs
  A fire vortex (Pan)
  12 foxfires
165 creatures vanquished.

Vanquished Creatures (others)
  A lich (Pan)
  2 titans
  5 azure jellies
  A fenstrider witch (Pan)
  A nagaraja (Pan)
  2 vault wardens
  2 formless jellyfish
  A cacodemon (Pan)
  An ironbound thunderhulk (Vaults:4)
  A very ugly thing (Depths:3)
  3 formless jellyfish (shapeshifter) (Depths:3)
  2 ironbound preservers
  A deep elf annihilator (Pan)
  3 green deaths (Pan)
  A mummy priest (Tomb:1)
  A fire dragon (Depths:1)
  A yaktaur captain (Vaults:4)
  5 great orbs of eyes
  2 rakshasas (Pan)
  A great orb of eyes (shapeshifter) (Depths:3)
  A hydra (shapeshifter) (Depths:3)
  A spriggan air mage (Pan)
  An ironbound frostheart (Vaults:1)
  A catoblepas (shapeshifter) (Depths:3)
  A jorogumo (Pan)
  A two-headed ogre (D:9)
  A deep troll earth mage (Depths:1)
  2 occultists
  2 soul eaters (Pan)
  A sun demon (Pan)
  2 sixfirhies
  A pharaoh ant (Coc:2)
  3 large abominations (Pan)
  A deep troll (shapeshifter) (Depths:3)
  2 glowing orange brains (shapeshifter) (Depths:3)
  A mana viper (shapeshifter) (Vaults:5)
  10 glowing orange brains
  A shadow demon (Pan)
  3 deep trolls
  3 lindwurms (Vaults:4)
  3 ironbound convokers
  3 deep elf zephyrmancers (Elf:1)
  A manticore (shapeshifter) (Depths:3)
  A shining eye (shapeshifter) (Vaults:5)
  A moth of wrath (shapeshifter) (Depths:2)
  A moth of wrath (Zot:1)
  3 vault sentinels
  4 smoke demons (Pan)
  An eye of devastation (shapeshifter) (Vaults:1)
  A water nymph (shapeshifter) (Vaults:1)
  3 hellions
  An orange demon (Pan)
  A yaktaur (Vaults:1)
  Psyche (D:8)
  A rime drake (Lair:5)
  An unseen horror (shapeshifter) (Abyss:2)
  A merfolk (D:13)
  2 red devils (Pan)
  A hellwing (Pan)
  A snapping turtle (Vaults:1)
  A slime creature (shapeshifter) (Depths:3)
  A dream sheep (Vaults:2)
  40 slime creatures
  3 water elementals (Depths:3)
  A ynoxinul (Pan)
  A golden eye (Abyss:2)
  A naga simulacrum (Coc:7)
  3 neqoxecs (Pan)
  2 chaos spawn (Pan)
  2 swamp worms (shapeshifter)
  A water moccasin (Lair:2)
  A small abomination (D:10)
  A human (D:4)
  A wolf (Lair:5)
  A kobold brigand (D:8)
  An earth elemental (Depths:3)
  A shapeshifter skeleton (Crypt:2)
  565 jellies
  3 orc priests (Orc:2)
  An iguana (D:6)
  4 mummies
  A white imp (D:6)
  An ufetubus (Abyss:2)
  4 orcs
  3 kobolds (D:8)
  A ball python skeleton (Crypt:1)
  29 ball lightnings
  3 creeping infernos
  1943 foxfires
  A spectral weapon (Vaults:1)
  6 starspawn tentacles
  4 tentacles (Shoals:4)
2739 creatures vanquished.

Grand Total: 6943 creatures vanquished

Notes
Turn   | Place    | Note
-------+----------+-------------------------------------------
     0 | D:1      | Biscolet the Djinni Fire Elementalist began the quest for
                  | the Orb.
     0 | D:1      | Biscolet set off with the following spells memorised:
                  | Foxfire, Scorch, Volatile Blastmotes, Inner Flame, Flame
                  | Wave.
     0 | D:1      | Reached XP level 1. HP: 15/15 MP: 0/0
    84 | D:1      | Reached XP level 2. HP: 16/21 MP: 0/0
   521 | D:1      | Reached XP level 3. HP: 24/25 MP: 0/0
   521 | D:1      | Learned a level 1 spell: Shock
   728 | D:1      | Found a basalt altar of Yredelemnul.
   799 | D:2      | Reached skill level 1 in Shields
   842 | D:2      | Found a faded altar of an unknown god.
  1082 | D:2      | Reached XP level 4. HP: 19/31 MP: 0/0
  1649 | D:3      | Noticed Terence
  1666 | D:3      | Killed Terence
  1667 | D:3      | Reached XP level 5. HP: 35/35 MP: 0/0
  1667 | D:3      | Learned a level 2 spell: Momentum Strike
  1719 | D:3      | Noticed a black bear
  1731 | D:3      | Killed a black bear
  1732 | D:3      | Reached XP level 6. HP: 29/40 MP: 0/0
  1757 | D:3      | Noticed Natasha
  1772 | D:3      | Killed Natasha
  2361 | D:4      | Found a shadowy altar of Dithmenos.
  2376 | D:4      | Found a hide-covered altar of Uskayaw.
  2426 | D:4      | Noticed a human
  2427 | D:4      | Killed a human
  2727 | D:4      | Reached skill level 5 in Spellcasting
  2727 | D:4      | Reached skill level 5 in Conjurations
  2727 | D:4      | Reached skill level 5 in Hexes
  2727 | D:4      | Reached skill level 5 in Summonings
  2727 | D:4      | Reached skill level 5 in Necromancy
  2727 | D:4      | Reached skill level 5 in Translocations
  2727 | D:4      | Reached skill level 5 in Fire Magic
  2727 | D:4      | Reached skill level 5 in Ice Magic
  2727 | D:4      | Reached skill level 5 in Air Magic
  2727 | D:4      | Reached skill level 5 in Earth Magic
  2727 | D:4      | Reached skill level 5 in Alchemy
  2727 | D:4      | Reached XP level 7. HP: 44/45 MP: 0/0
  2727 | D:4      | Learned a level 3 spell: Fugue of the Fallen
  3329 | D:5      | Entered Level 5 of the Dungeon
  3408 | D:5      | Reached XP level 8. HP: 50/50 MP: 0/0
  3588 | D:5      | Found a glowing drain.
  3599 | Sewer    | Entered a sewer
  3801 | Sewer    | Found a viscous altar of Jiyva.
  3893 | Sewer    | Became a worshipper of Jiyva Jetysia the Shapeless
  4076 | D:5      | Identified the scarf of Mutualism {harm, Dex+2}
  4291 | D:5      | Reached * piety under Jiyva
  4569 | D:5      | Found a glowing silver altar of Zin.
  4570 | D:5      | Noticed an angel
  4692 | D:6      | Reached XP level 9. HP: 53/55 MP: 0/0
  4692 | D:6      | Learned a level 3 spell: Mephitic Cloud
  4832 | D:6      | Found Unoevuss's Jewellery Boutique.
  4884 | D:6      | Found a staircase to the Ecumenical Temple.
  5030 | D:6      | Found a bloodstained altar of Trog.
  5174 | D:7      | Found a glowing golden altar of the Shining One.
  5203 | D:7      | Identified a scroll of acquirement
  5228 | D:7      | Reached ** piety under Jiyva
  5383 | D:7      | Found a broken altar of Ashenzari.
  5390 | D:7      | Found Rihes's Armour Shop.
  5537 | D:7      | Found a sand-covered staircase.
  5614 | Ossuary  | Entered an ossuary
  5713 | Ossuary  | Reached skill level 10 in Spellcasting
  5713 | Ossuary  | Reached skill level 10 in Conjurations
  5713 | Ossuary  | Reached skill level 10 in Hexes
  5713 | Ossuary  | Reached skill level 10 in Summonings
  5713 | Ossuary  | Reached skill level 10 in Necromancy
  5713 | Ossuary  | Reached skill level 10 in Translocations
  5713 | Ossuary  | Reached skill level 10 in Fire Magic
  5713 | Ossuary  | Reached skill level 10 in Ice Magic
  5713 | Ossuary  | Reached skill level 10 in Air Magic
  5713 | Ossuary  | Reached skill level 10 in Earth Magic
  5713 | Ossuary  | Reached skill level 10 in Alchemy
  5835 | Ossuary  | Reached XP level 10. HP: 58/60 MP: 0/0
  6051 | D:7      | Reached *** piety under Jiyva
  6051 | D:7      | Found a sparkling altar of Nemelex Xobeh.
  6086 | D:7      | Gained mutation: You have a pair of small horns on your
                  | head. [Jiyva's grace]
  6086 | D:7      | Gained mutation: You have a pair of horns on your head.
                  | [Jiyva's grace]
  6086 | D:7      | Gained mutation: You have a pair of large horns on your
                  | head. [Jiyva's grace]
  6086 | D:7      | Gained mutation: You have a small jelly attached to you
                  | that may absorb projectiles. [Jiyva's grace]
  6432 | D:8      | Reached skill level 1 in Fighting
  6459 | D:8      | Found a runed translucent gate.
  6459 | D:8      | Noticed a death yak
  6462 | D:8      | Found a runed translucent gate.
  6462 | D:8      | Found a runed translucent gate.
  6462 | D:8      | Noticed a manticore
  6545 | D:8      | Noticed a death yak
  6689 | D:8      | Noticed a two-headed ogre
  6698 | D:8      | Killed a two-headed ogre
  6699 | D:8      | Reached skill level 5 in Shields
  6736 | D:8      | Noticed Grum
  6756 | D:8      | Killed Grum
  6894 | D:8      | Found a blossoming altar of Fedhas.
  7018 | D:8      | Reached **** piety under Jiyva
  7140 | D:8      | Killed Psyche
  7325 | D:9      | Noticed a kobold demonologist
  7337 | D:9      | Killed a kobold demonologist
  7338 | D:9      | Reached XP level 11. HP: 73/73 MP: 0/0
  7338 | D:9      | Learned a level 5 spell: Iskenderun's Battlesphere
  7366 | D:9      | Noticed a two-headed ogre
  7366 | D:9      | Noticed a two-headed ogre
  7372 | D:9      | Killed a two-headed ogre
  7373 | D:9      | Reached skill level 5 in Fighting
  7380 | D:9      | Killed a two-headed ogre
  7594 | D:9      | Found a staircase to the Lair.
  7916 | D:10     | Entered Level 10 of the Dungeon
  7916 | D:10     | Found Eclo's Weapon Boutique.
  7916 | D:10     | Found a staircase to the Orcish Mines.
  7916 | D:10     | Found Qiuhiur's Armour Boutique.
  7931 | D:10     | Noticed a cyclops
  7938 | D:10     | Killed a cyclops
  7957 | D:10     | Found an ornate altar of the Wu Jian Council.
  8063 | D:10     | Reached ***** piety under Jiyva
  8194 | D:10     | Found a flagged portal.
  8203 | Bailey   | Entered a bailey
  8203 | Bailey   | Gained mutation: You possess an exceptional clarity of
                  | mind. [Jiyva's grace]
  8203 | Bailey   | Gained mutation: Your muscles are strong. (Str +4, Int/Dex
                  | -1) [Jiyva's grace]
  8203 | Bailey   | Gained mutation: Your muscles are very strong. (Str +8,
                  | Int/Dex -2) [Jiyva's grace]
  8203 | Bailey   | Gained mutation: You passively dampen the noise of your
                  | surroundings. [Jiyva's grace]
  8360 | Bailey   | Found the dreamshard necklace {Acrobat *Dream}
  8378 | Bailey   | Found an iron altar of Okawaru.
  8392 | Bailey   | Identified the +1 orcbow of Defence {flame, Dex+3}
  8593 | D:10     | Bought a +0 tower shield for 45 gold pieces
  8623 | D:10     | Noticed an obsidian statue
  8864 | D:10     | Reached XP level 12. HP: 80/86 MP: 0/0
  9085 | D:10     | Noticed a sun demon
  9328 | D:11     | Noticed a boulder beetle
  9343 | D:11     | Killed a boulder beetle
  9458 | D:11     | Lost mutation: Your muscles are very strong. (Str +8,
                  | Int/Dex -2) [Jiyva's grace]
  9458 | D:11     | Gained mutation: Your translucent skin slightly reduces
                  | your foes' accuracy. (Stealth+) [Jiyva's grace]
  9458 | D:11     | Gained mutation: Your translucent skin reduces your foes'
                  | accuracy. (Stealth+) [Jiyva's grace]
  9458 | D:11     | Gained mutation: Your transparent skin significantly
                  | reduces your foes' accuracy. (Stealth+) [Jiyva's grace]
  9458 | D:11     | Gained mutation: You are partially covered in iridescent
                  | scales. (AC +2) [Jiyva's grace]
  9831 | D:11     | Noticed a two-headed ogre
  9840 | D:11     | Killed a two-headed ogre
  9919 | D:11     | Noticed Maurice
  9938 | D:11     | Killed Maurice
 10068 | D:11     | Noticed a two-headed ogre
 10078 | D:11     | Killed a two-headed ogre
 10377 | D:11     | Noticed Nergalle
 10385 | D:11     | Killed Nergalle
 10509 | D:12     | Reached skill level 1 in Armour
 10777 | D:12     | Noticed a boulder beetle
 10796 | D:12     | Killed a boulder beetle
 10797 | D:12     | Reached XP level 13. HP: 95/95 MP: 0/0
 10797 | D:12     | Learned a level 5 spell: Summon Mana Viper
 10911 | D:12     | Noticed Fannar
 10916 | D:12     | Killed Fannar
 11206 | D:12     | Reached skill level 10 in Fighting
 11363 | D:12     | Noticed Josephine
 11513 | D:12     | Killed Josephine
 11790 | D:12     | Found a snail-covered altar of Cheibriados.
 12070 | Lair:1   | Entered Level 1 of the Lair of Beasts
 12339 | Lair:1   | Reached skill level 10 in Shields
 12448 | Lair:1   | Lost mutation: You are partially covered in iridescent
                  | scales. (AC +2) [Jiyva's grace]
 12448 | Lair:1   | Lost mutation: Your muscles are strong. (Str +4, Int/Dex
                  | -1) [Jiyva's grace]
 12448 | Lair:1   | Lost mutation: You have a small jelly attached to you that
                  | may absorb projectiles. [Jiyva's grace]
 12448 | Lair:1   | Gained mutation: Your natural rate of healing is unusually
                  | fast. [Jiyva's grace]
 12448 | Lair:1   | Gained mutation: You heal very quickly. [Jiyva's grace]
 12448 | Lair:1   | Gained mutation: You regenerate. [Jiyva's grace]
 12448 | Lair:1   | Gained mutation: Armour fits poorly on your pseudopods.
                  | [Jiyva's grace]
 12449 | Lair:1   | Acquired the scarf of the End {shadows, rF+ rN+ Regen+}
 12496 | Lair:1   | Reached ****** piety under Jiyva
 12690 | Lair:2   | Noticed an eight-headed hydra
 12713 | Lair:2   | Killed an eight-headed hydra
 13021 | Lair:2   | Found a hole to the Spider Nest.
 13225 | Lair:2   | Found a staircase to the Shoals.
 13720 | Lair:3   | Reached XP level 14. HP: 103/103 MP: 0/0
 14003 | Lair:3   | Found a runed translucent door.
 14019 | Lair:3   | Noticed a tentacled starspawn
 14816 | Lair:4   | Lost mutation: You have a pair of large horns on your head.
                  | [Jiyva's grace]
 14816 | Lair:4   | Lost mutation: You possess an exceptional clarity of mind.
                  | [Jiyva's grace]
 14816 | Lair:4   | Lost mutation: You regenerate. [Jiyva's grace]
 14816 | Lair:4   | Gained mutation: You have a small jelly attached to you
                  | that may absorb projectiles. [Jiyva's grace]
 14816 | Lair:4   | Gained mutation: You are covered in slimy tendrils that may
                  | disarm your opponents. [Jiyva's grace]
 14816 | Lair:4   | Gained mutation: Your body has grown eyes which may confuse
                  | attackers. (Acc +3) [Jiyva's grace]
 14816 | Lair:4   | Gained mutation: Your body has grown many eyes which may
                  | confuse attackers. (Acc +5) [Jiyva's grace]
 14839 | Lair:4   | Was placed under penance by Jiyva
 15046 | Lair:4   | You are sucked into a shaft and drop 1 floor!
 15046 | Lair:5   | Entered Level 5 of the Lair of Beasts
 15046 | Lair:5   | Was forgiven by Jiyva
 15342 | Lair:4   | Found a staircase to the Slime Pits.
 15343 | Lair:4   | Found a viscous altar of Jiyva.
 15640 | Slime:1  | Entered Level 1 of the Pits of Slime
 15664 | Slime:1  | Noticed a quicksilver ooze
 15789 | Slime:2  | Noticed an acid blob
 15812 | Slime:2  | Noticed an acid blob
 15827 | Slime:2  | Noticed an acid blob
 15831 | Slime:2  | Noticed an azure jelly
 15840 | Slime:2  | Noticed a formless jellyfish
 15840 | Slime:2  | Noticed a formless jellyfish
 15904 | Slime:3  | Noticed an azure jelly
 15904 | Slime:3  | Noticed an azure jelly
 15904 | Slime:3  | Noticed a rockslime
 16038 | Slime:4  | Noticed a formless jellyfish
 16039 | Slime:4  | Noticed a formless jellyfish
 16043 | Slime:4  | Noticed an azure jelly
 16055 | Slime:4  | Noticed an azure jelly
 16097 | Slime:4  | Noticed a quicksilver ooze
 16105 | Slime:4  | Noticed a rockslime
 16127 | Slime:4  | Noticed a formless jellyfish
 16244 | Slime:5  | Entered Level 5 of the Pits of Slime
 16244 | Slime:5  | Found the +5 moon troll leather armour {Spirit, Regen++
                  | MP+5}
 16249 | Slime:5  | Noticed an acid blob
 16263 | Slime:5  | Identified the +9 arbalest of Midsummer {drain, rN+}
 16275 | Slime:5  | Identified the +9 hand axe "Vileusit" {elec, rPois rF+ rC+
                  | Str-4}
 16276 | Slime:5  | Noticed an acid blob
 16280 | Slime:5  | Noticed a rockslime
 16280 | Slime:5  | Found the +16 obsidian axe {drain, demonic, Mesm ^Drain Fly
                  | SInv}
 16282 | Slime:5  | Found a viscous altar of Jiyva.
 16284 | Slime:5  | Identified the ring "Wyum" {rElec Int+6}
 16295 | Slime:5  | Identified the +11 dagger "Hudu" {flame, rF+}
 16298 | Slime:5  | Noticed an acid blob
 16299 | Slime:5  | Found the +10 zealot's sword {holy, Zealotry, *Rage rN+
                  | EV+3}
 16307 | Slime:5  | Identified the +0 chain mail of the Constellations {rN+
                  | Will+ MP+9 Slay-3}
 16311 | Slime:5  | Identified the +1 robe of Jaguo {Fly Dex+3 Slay+2}
 16349 | Slime:5  | Noticed an azure jelly
 16355 | Slime:5  | Got a slimy rune of Zot
 16358 | Slime:5  | Noticed a formless jellyfish
 16368 | Slime:5  | Noticed a formless jellyfish
 16391 | Slime:5  | Noticed a rockslime
 16412 | Slime:5  | Noticed an azure jelly
 16416 | Slime:5  | Noticed the Royal Jelly
 16426 | Slime:5  | Noticed an acid blob
 16469 | Slime:5  | Noticed an acid blob
 16773 | Slime:2  | Noticed an acid blob
 16788 | Slime:2  | Noticed an acid blob
 16953 | Slime:1  | Noticed an acid blob
 16955 | Slime:1  | Noticed an azure jelly
 17594 | Lair:5   | Reached XP level 15. HP: 84/112 MP: 0/0
 17594 | Lair:5   | Learned a level 6 spell: Summon Cactus Giant
 17703 | Lair:5   | Reached skill level 15 in Spellcasting
 17703 | Lair:5   | Reached skill level 15 in Conjurations
 17703 | Lair:5   | Reached skill level 15 in Hexes
 17703 | Lair:5   | Reached skill level 15 in Summonings
 17703 | Lair:5   | Reached skill level 15 in Necromancy
 17703 | Lair:5   | Reached skill level 15 in Translocations
 17703 | Lair:5   | Reached skill level 15 in Fire Magic
 17703 | Lair:5   | Reached skill level 15 in Ice Magic
 17703 | Lair:5   | Reached skill level 15 in Air Magic
 17703 | Lair:5   | Reached skill level 15 in Earth Magic
 17703 | Lair:5   | Reached skill level 15 in Alchemy
 18092 | Lair:5   | Identified the +1 leather armour "Zosat" {Dex+6}
 18569 | D:13     | Noticed Frances
 18583 | D:13     | Killed Frances
 18712 | D:13     | Reached skill level 1 in Axes
 18867 | D:13     | Reached skill level 1 in Evocations
 19149 | D:13     | Found a sacrificial altar of Ru.
 19244 | D:14     | Lost mutation: You have a pair of horns on your head.
                  | [Jiyva's grace]
 19244 | D:14     | Lost mutation: Your body has grown many eyes which may
                  | confuse attackers. (Acc +5) [Jiyva's grace]
 19244 | D:14     | Lost mutation: You have a small jelly attached to you that
                  | may absorb projectiles. [Jiyva's grace]
 19244 | D:14     | Lost mutation: You passively dampen the noise of your
                  | surroundings. [Jiyva's grace]
 19244 | D:14     | Gained mutation: You have acidic saliva. [Jiyva's grace]
 19244 | D:14     | Gained mutation: Your body has grown many eyes which may
                  | confuse attackers. (Acc +5) [Jiyva's grace]
 19244 | D:14     | Gained mutation: Your body is covered in eyes which may
                  | confuse attackers. (Acc +7, SInv) [Jiyva's grace]
 19244 | D:14     | Gained mutation: Your spells are a little harder to cast,
                  | but a little more powerful. [Jiyva's grace]
 19571 | D:14     | Found a sacrificial altar of Ru.
 19602 | D:14     | Reached XP level 16. HP: 95/99 MP: 0/0
 20110 | D:14     | Found a gate to the Vaults.
 20166 | D:15     | Entered Level 15 of the Dungeon
 20177 | D:15     | Noticed Louise
 20184 | D:15     | Noticed Rupert
 20197 | D:15     | Killed Rupert
 20198 | D:15     | Reached skill level 5 in Evocations
 20207 | D:15     | Killed Louise
 20223 | D:15     | Noticed Azrael
 20234 | D:15     | Killed Azrael
 20382 | D:15     | Noticed ElricMelnibone's ghost (adept DsMo)
 20404 | D:15     | Found a transporter.
 20443 | D:15     | Found a transporter.
 20552 | D:15     | Found a staircase to the Depths.
 21004 | D:15     | Noticed a tengu reaver
 21179 | Orc:1    | Entered Level 1 of the Orcish Mines
 21179 | Orc:1    | Lost mutation: Your spells are a little harder to cast, but
                  | a little more powerful. [Jiyva's grace]
 21179 | Orc:1    | Lost mutation: Your body is covered in eyes which may
                  | confuse attackers. (Acc +7, SInv) [Jiyva's grace]
 21179 | Orc:1    | Lost mutation: Armour fits poorly on your pseudopods.
                  | [Jiyva's grace]
 21179 | Orc:1    | Lost mutation: Your transparent skin significantly reduces
                  | your foes' accuracy. (Stealth+) [Jiyva's grace]
 21179 | Orc:1    | Gained mutation: You have hidden genetic potential.
                  | [Jiyva's grace]
 21179 | Orc:1    | Gained mutation: You have great hidden genetic potential.
                  | [Jiyva's grace]
 21179 | Orc:1    | Gained mutation: You possess an exceptional clarity of
                  | mind. [Jiyva's grace]
 21179 | Orc:1    | Gained mutation: You are agile. (Dex +4, Str/Int -1)
                  | [Jiyva's grace]
 21532 | Orc:2    | Entered Level 2 of the Orcish Mines
 21543 | Orc:2    | Noticed Erolcha
 21550 | Orc:2    | Killed Erolcha
 21562 | Orc:2    | Reached XP level 17. HP: 123/123 MP: 0/0
 21562 | Orc:2    | Learned a level 6 spell: Plasma Beam
 21611 | Orc:2    | Found a staircase to the Elven Halls.
 22027 | Orc:2    | Found Lolaotann's Antique Weapon Boutique.
 22038 | Orc:2    | Found Haynoh's Assorted Antiques.
 22041 | Orc:2    | Found Keduotacat's General Store.
 22042 | Orc:2    | Found Namurab's Antique Weapon Boutique.
 22049 | Orc:2    | Bought a scroll of identify for 70 gold pieces
 22102 | Orc:2    | Found a burning altar of Makhleb.
 22512 | Spider:1 | Entered Level 1 of the Spider Nest
 22881 | Spider:1 | Lost mutation: Your body has grown many eyes which may
                  | confuse attackers. (Acc +5) [Jiyva's grace]
 22881 | Spider:1 | Lost mutation: Your translucent skin reduces your foes'
                  | accuracy. (Stealth+) [Jiyva's grace]
 22881 | Spider:1 | Gained mutation: You have a small jelly attached to you
                  | that senses nearby items. [Jiyva's grace]
 22881 | Spider:1 | Gained mutation: You expend health (3 HP) to strengthen
                  | your wands. [Jiyva's grace]
 22881 | Spider:1 | Gained mutation: You are very agile. (Dex +8, Str/Int -2)
                  | [Jiyva's grace]
 22881 | Spider:1 | Gained mutation: Your body has grown many eyes which may
                  | confuse attackers. (Acc +5) [Jiyva's grace]
 23236 | Spider:2 | Noticed Nikola
 23305 | Spider:2 | Reached skill level 15 in Shields
 23348 | Spider:2 | Gained mutation: Your spells are a little harder to cast,
                  | but a little more powerful. [hidden potential]
 23485 | Spider:2 | Killed Nikola
 23491 | Spider:2 | Identified the serpent talisman "Okasom" {rElec rCorr Str-5
                  | Dex+6}
 23491 | Spider:2 | Noticed Aizul
 23494 | Spider:2 | Killed Aizul
 24133 | Spider:3 | Reached XP level 18. HP: 131/134 MP: 0/0
 24578 | Spider:3 | Identified the +2 leather armour of Grace {Int+4}
 24674 | Spider:3 | Was placed under penance by Jiyva
 24767 | Spider:3 | Was forgiven by Jiyva
 24983 | Spider:3 | Lost mutation: You are very agile. (Dex +8, Str/Int -2)
                  | [Jiyva's grace]
 24983 | Spider:3 | Lost mutation: You possess an exceptional clarity of mind.
                  | [Jiyva's grace]
 24983 | Spider:3 | Lost mutation: Your body has grown many eyes which may
                  | confuse attackers. (Acc +5) [Jiyva's grace]
 24983 | Spider:3 | Lost mutation: You have great hidden genetic potential.
                  | [Jiyva's grace]
 24983 | Spider:3 | Lost mutation: You have hidden genetic potential. [Jiyva's
                  | grace]
 24983 | Spider:3 | Lost mutation: You expend health (3 HP) to strengthen your
                  | wands. [Jiyva's grace]
 24983 | Spider:3 | Gained mutation: You are very agile. (Dex +8, Str/Int -2)
                  | [Jiyva's grace]
 24983 | Spider:3 | Gained mutation: You are covered in fur. (AC +1) [Jiyva's
                  | grace]
 24983 | Spider:3 | Gained mutation: You are covered in thick fur. (AC +2)
                  | [Jiyva's grace]
 24983 | Spider:3 | Gained mutation: Your thick and shaggy fur keeps you warm.
                  | (AC +3, rC+) [Jiyva's grace]
 25061 | Spider:4 | Entered Level 4 of the Spider Nest
 25408 | Spider:4 | Got a gossamer rune of Zot
 25413 | Spider:4 | Identified the +2 pair of boots of the Beginning {-Cast
                  | Rampage +Blink Dex+3}
 25658 | Shoals:1 | Entered Level 1 of the Shoals
 26100 | Shoals:1 | Noticed a kraken
 26136 | Shoals:2 | Lost mutation: You have a pair of small horns on your head.
                  | [Jiyva's grace]
 26136 | Shoals:2 | Lost mutation: You are very agile. (Dex +8, Str/Int -2)
                  | [Jiyva's grace]
 26136 | Shoals:2 | Lost mutation: You heal very quickly. [Jiyva's grace]
 26136 | Shoals:2 | Lost mutation: Your thick and shaggy fur keeps you warm.
                  | (AC +3, rC+) [Jiyva's grace]
 26136 | Shoals:2 | Lost mutation: Your spells are a little harder to cast, but
                  | a little more powerful. [Jiyva's grace]
 26136 | Shoals:2 | Lost mutation: Your body has grown eyes which may confuse
                  | attackers. (Acc +3) [Jiyva's grace]
 26136 | Shoals:2 | Gained mutation: Your mind is acute. (Int +4, Str/Dex -1)
                  | [Jiyva's grace]
 26136 | Shoals:2 | Gained mutation: Your mind is very acute. (Int +8, Str/Dex
                  | -2) [Jiyva's grace]
 26136 | Shoals:2 | Gained mutation: Your flesh is almost immune to the effects
                  | of heat. (rF+++) [Jiyva's grace]
 26136 | Shoals:2 | Gained mutation: You have a small jelly attached to you
                  | that may absorb projectiles. [Jiyva's grace]
 26155 | Shoals:2 | Reached XP level 19. HP: 135/140 MP: 0/0
 26155 | Shoals:2 | Learned a level 7 spell: Ozocubu's Refrigeration
 26514 | Shoals:2 | Found Usurhist's Jewellery Emporium.
 27025 | Shoals:3 | Identified the +2 kite shield of Acwibuotu {rC+ MP-9 Str+5
                  | Int+3}
 27025 | Shoals:3 | Noticed Donald
 27028 | Shoals:3 | Killed Donald
 27743 | Shoals:4 | Entered Level 4 of the Shoals
 28044 | Shoals:4 | Got an azure gem with 0 turns to spare
 28046 | Shoals:4 | Got a barnacled rune of Zot
 28280 | Shoals:4 | Lost mutation: Your flesh is almost immune to the effects
                  | of heat. (rF+++) [Jiyva's grace]
 28280 | Shoals:4 | Lost mutation: You have acidic saliva. [Jiyva's grace]
 28280 | Shoals:4 | Lost mutation: Your translucent skin slightly reduces your
                  | foes' accuracy. (Stealth+) [Jiyva's grace]
 28280 | Shoals:4 | Lost mutation: You have a small jelly attached to you that
                  | may absorb projectiles. [Jiyva's grace]
 28280 | Shoals:4 | Gained mutation: Your skin changes colour to match your
                  | surroundings (Stealth+). [Jiyva's grace]
 28280 | Shoals:4 | Gained mutation: Your skin blends seamlessly with your
                  | surroundings (Stealth++). [Jiyva's grace]
 28280 | Shoals:4 | Gained mutation: Your skin perfectly mimics your
                  | surroundings (Stealth+++). [Jiyva's grace]
 28280 | Shoals:4 | Gained mutation: You have acidic saliva. [Jiyva's grace]
 28997 | Vaults:1 | Entered Level 1 of the Vaults
 29078 | Vaults:1 | Reached XP level 20. HP: 147/147 MP: 0/0
 29078 | Vaults:1 | Noticed Asterion
 29080 | Vaults:1 | Slimified Asterion
 29080 | Vaults:1 | Asterion changed into Asterion the acid blob
 29080 | Vaults:1 | Noticed Asterion
 29584 | Vaults:1 | Found a runed translucent gate.
 29585 | Vaults:1 | Found a runed translucent gate.
 29586 | Vaults:1 | Found a runed translucent gate.
 29588 | Vaults:1 | Noticed Anosyof's ghost (adept CeHu)
 29612 | Vaults:1 | Identified the ring "Laxzijum" {Ice Dex+4}
 29969 | Vaults:2 | Found Pojutwi's General Store.
 30096 | Vaults:2 | Reached skill level 15 in Fighting
 30480 | Vaults:2 | Lost mutation: Your skin perfectly mimics your surroundings
                  | (Stealth+++). [Jiyva's grace]
 30480 | Vaults:2 | Lost mutation: Your mind is very acute. (Int +8, Str/Dex
                  | -2) [Jiyva's grace]
 30480 | Vaults:2 | Gained mutation: You are partially covered in iridescent
                  | scales. (AC +2) [Jiyva's grace]
 30480 | Vaults:2 | Gained mutation: You are mostly covered in iridescent
                  | scales. (AC +4) [Jiyva's grace]
 30480 | Vaults:2 | Gained mutation: You are completely covered in iridescent
                  | scales. (AC +6) [Jiyva's grace]
 30480 | Vaults:2 | Gained mutation: Your rubbery body absorbs attacks. (AC +1,
                  | EV +1) [Jiyva's grace]
 30491 | Vaults:2 | Found a portal to a secret trove of treasure.
 30513 | Vaults:2 | You showed the slimy rune of Zot to enter a treasure trove
 30514 | Trove    | Entered a treasure trove
 30527 | Trove    | Identified the ring "Furefuig" {*Slow rC+ EV+5 Str+4}
 30529 | Trove    | Identified the ring "Woqadu" {MP-9 EV+5 Dex+4}
 30534 | Trove    | Identified the ring "Ering" {rF+ rC+ Int+6 Dex+5}
 30538 | Trove    | Identified the +4 rapier of Destiny {venom, Dex+3}
 30543 | Trove    | Identified the +4 war axe of Qafeti {freeze, Str+6}
 30564 | Trove    | Identified the +4 dagger "Impbane" {protect, Int+2}
 30701 | Vaults:2 | Found a staircase to the Crypt.
 31290 | Vaults:3 | Reached XP level 21. HP: 157/157 MP: 0/0
 31290 | Vaults:3 | Learned a level 8 spell: Disjunction
 31485 | Vaults:3 | Acquired a manual of Axes
 32962 | Vaults:4 | Lost mutation: You are agile. (Dex +4, Str/Int -1) [Jiyva's
                  | grace]
 32962 | Vaults:4 | Lost mutation: You are covered in thick fur. (AC +2)
                  | [Jiyva's grace]
 32962 | Vaults:4 | Lost mutation: You have a small jelly attached to you that
                  | senses nearby items. [Jiyva's grace]
 32962 | Vaults:4 | Gained mutation: You passively dampen the noise of your
                  | surroundings. [Jiyva's grace]
 32962 | Vaults:4 | Gained mutation: Your muscles are strong. (Str +4, Int/Dex
                  | -1) [Jiyva's grace]
 32962 | Vaults:4 | Gained mutation: Your muscles are very strong. (Str +8,
                  | Int/Dex -2) [Jiyva's grace]
 32962 | Vaults:4 | Gained mutation: Your body has grown eyes which may confuse
                  | attackers. (Acc +3) [Jiyva's grace]
 33602 | Vaults:4 | Found Humac's Assorted Antiques.
 33609 | Vaults:4 | Bought a scroll of identify for 92 gold pieces
 33902 | Elf:1    | Entered Level 1 of the Elven Halls
 33902 | Elf:1    | Found Qinulyem's General Store.
 33987 | Elf:1    | Found a huge runed translucent gate.
 33987 | Elf:1    | Found a huge runed translucent gate.
 33987 | Elf:1    | Found a huge runed translucent gate.
 33987 | Elf:1    | Found a huge runed translucent gate.
 33987 | Elf:1    | Found a huge runed translucent gate.
 33987 | Elf:1    | Found a huge runed translucent gate.
 33987 | Elf:1    | Found a huge runed translucent gate.
 34018 | Elf:1    | Found a huge runed translucent gate.
 34018 | Elf:1    | Found a huge runed translucent gate.
 34019 | Elf:1    | Found a huge runed translucent gate.
 34020 | Elf:1    | Found a huge runed translucent gate.
 34021 | Elf:1    | Found a huge runed translucent gate.
 34056 | Elf:1    | Found a huge runed translucent gate.
 34056 | Elf:1    | Found a huge runed translucent gate.
 34056 | Elf:1    | Found a huge runed translucent gate.
 34056 | Elf:1    | Found a huge runed translucent gate.
 34058 | Elf:1    | Found a huge runed translucent gate.
 34063 | Elf:1    | Found a huge runed translucent gate.
 34064 | Elf:1    | Found a huge runed translucent gate.
 34065 | Elf:1    | Found a huge runed translucent gate.
 34066 | Elf:1    | Found a huge runed translucent gate.
 34067 | Elf:1    | Found a huge runed translucent gate.
 34068 | Elf:1    | Found a huge runed translucent gate.
 34068 | Elf:1    | Found a huge runed translucent gate.
 34072 | Elf:1    | Found a huge runed translucent gate.
 34073 | Elf:1    | Found a huge runed translucent gate.
 34073 | Elf:1    | Found a huge runed translucent gate.
 34073 | Elf:1    | Found a huge runed translucent gate.
 34075 | Elf:1    | Found a huge runed translucent gate.
 34076 | Elf:1    | Found a huge runed translucent gate.
 34077 | Elf:1    | Found a huge runed translucent gate.
 34078 | Elf:1    | Found a huge runed translucent gate.
 34078 | Elf:1    | Found a huge runed translucent gate.
 34081 | Elf:1    | Found a huge runed translucent gate.
 34082 | Elf:1    | Found a huge runed translucent gate.
 34083 | Elf:1    | Found a huge runed translucent gate.
 34207 | Elf:1    | Found Cater's Magic Scroll Emporium.
 34210 | Elf:1    | Found Egitesax's Antique Weapon Shoppe.
 34211 | Elf:1    | Bought a scroll of identify for 26 gold pieces
 34211 | Elf:1    | Bought a scroll of identify for 26 gold pieces
 34211 | Elf:1    | Bought a scroll of blinking for 97 gold pieces
 34502 | Elf:1    | Reached XP level 22. HP: 164/168 MP: 0/0
 34526 | Elf:1    | Identified the +6 dagger "Epsiduw" {drain, rN++ rCorr Str-5
                  | SInv}
 34827 | Elf:2    | Found a runed translucent gate.
 34827 | Elf:2    | Found a runed translucent gate.
 34827 | Elf:2    | Found a runed translucent gate.
 35074 | Elf:3    | Entered Level 3 of the Elven Halls
 35299 | Elf:3    | Found Vubuck's Distillery.
 35330 | Elf:3    | Bought a potion of berserk rage for 80 gold pieces
 35439 | Abyss:2  | Cast into level 2 of the Abyss (a deep elf demonologist)
 35445 | Abyss:2  | Lost mutation: You are completely covered in iridescent
                  | scales. (AC +6) [Jiyva's grace]
 35445 | Abyss:2  | Lost mutation: You are mostly covered in iridescent scales.
                  | (AC +4) [Jiyva's grace]
 35445 | Abyss:2  | Lost mutation: Your skin blends seamlessly with your
                  | surroundings (Stealth++). [Jiyva's grace]
 35445 | Abyss:2  | Lost mutation: Your mind is acute. (Int +4, Str/Dex -1)
                  | [Jiyva's grace]
 35445 | Abyss:2  | Lost mutation: You are covered in fur. (AC +1) [Jiyva's
                  | grace]
 35445 | Abyss:2  | Lost mutation: Your muscles are very strong. (Str +8,
                  | Int/Dex -2) [Jiyva's grace]
 35445 | Abyss:2  | Lost mutation: Your muscles are strong. (Str +4, Int/Dex
                  | -1) [Jiyva's grace]
 35445 | Abyss:2  | Lost mutation: Your rubbery body absorbs attacks. (AC +1,
                  | EV +1) [Jiyva's grace]
 35445 | Abyss:2  | Gained mutation: Your muscles are strong. (Str +4, Int/Dex
                  | -1) [Jiyva's grace]
 35445 | Abyss:2  | Gained mutation: Your muscles are very strong. (Str +8,
                  | Int/Dex -2) [Jiyva's grace]
 35445 | Abyss:2  | Gained mutation: You are mostly covered in iridescent
                  | scales. (AC +4) [Jiyva's grace]
 35445 | Abyss:2  | Gained mutation: You are completely covered in iridescent
                  | scales. (AC +6) [Jiyva's grace]
 35542 | Abyss:2  | Found a corrupted altar of Lugonu.
 35546 | Elf:3    | Escaped the Abyss
 35655 | Elf:3    | Got a shimmering gem with 142 turns to spare
 35662 | Elf:3    | Identified the +0 hat "Kacun" {rElec}
 35670 | Elf:3    | Identified the +9 war axe "Ykoet" {heavy, *Rage Str+5
                  | Dex+3}
 35674 | Elf:3    | Identified the staff "Facuopt" {Necro Ice Earth}
 35676 | Elf:3    | Identified the +9 trident of a Billion Wishes {vamp, *Rage
                  | Int+2 SInv}
 35686 | Elf:3    | Identified the ring "Ehoem" {^Drain rElec rN+++ rCorr
                  | Str+6}
 35689 | Elf:3    | Identified the staff of the Doomed Warrior {^Contam rElec
                  | rN++ rCorr Summ Air}
 35695 | Elf:3    | Identified the +0 cloak "Vyze" {Will+ Dex+2}
 35742 | Elf:3    | Identified the +4 rapier of Weutemm {venom, rF+ Dex+2}
 36259 | Crypt:1  | Entered Level 1 of the Crypt
 36826 | Crypt:1  | Lost mutation: Your muscles are very strong. (Str +8,
                  | Int/Dex -2) [Jiyva's grace]
 36826 | Crypt:1  | Lost mutation: You passively dampen the noise of your
                  | surroundings. [Jiyva's grace]
 36826 | Crypt:1  | Gained mutation: You are strong-willed. (Will+) [Jiyva's
                  | grace]
 36826 | Crypt:1  | Gained mutation: You are highly strong-willed. (Will++)
                  | [Jiyva's grace]
 36826 | Crypt:1  | Gained mutation: You are extremely strong-willed. (Will+++)
                  | [Jiyva's grace]
 36826 | Crypt:1  | Gained mutation: Your mind is acute. (Int +4, Str/Dex -1)
                  | [Jiyva's grace]
 37183 | Crypt:2  | Reached XP level 23. HP: 156/176 MP: 0/0
 37183 | Crypt:2  | Learned a level 7 spell: Monstrous Menagerie
 37331 | Crypt:2  | Noticed Sojobo
 37341 | Crypt:2  | Killed Sojobo
 38004 | Crypt:3  | Entered Level 3 of the Crypt
 38864 | Crypt:3  | Found a staircase to the Tomb.
 39138 | Crypt:3  | Found a basalt altar of Yredelemnul.
 39361 | Crypt:3  | Reached XP level 24. HP: 172/186 MP: 0/0
 39474 | Crypt:3  | Identified the staff "Pinlass" {rPois rC+ Int-5 Stlth+
                  | Conj}
 39724 | Depths:1 | Entered Level 1 of the Depths
 39737 | Depths:1 | Identified the serpent talisman of Gechomoi {rF- Dex+2
                  | SInv}
 39875 | Depths:1 | Found a one-way gate to the infinite horrors of the Abyss.
 40032 | Depths:1 | Found a gateway to Hell.
 40082 | Depths:1 | Lost mutation: Your skin changes colour to match your
                  | surroundings (Stealth+). [Jiyva's grace]
 40082 | Depths:1 | Lost mutation: You are extremely strong-willed. (Will+++)
                  | [Jiyva's grace]
 40082 | Depths:1 | Lost mutation: Your muscles are strong. (Str +4, Int/Dex
                  | -1) [Jiyva's grace]
 40082 | Depths:1 | Gained mutation: You expend health (3 HP) to strengthen
                  | your wands. [Jiyva's grace]
 40082 | Depths:1 | Gained mutation: You are robust. (+10% HP) [Jiyva's grace]
 40082 | Depths:1 | Gained mutation: You are very robust. (+20% HP) [Jiyva's
                  | grace]
 40082 | Depths:1 | Gained mutation: You are extremely robust. (+30% HP)
                  | [Jiyva's grace]
 40699 | Depths:2 | Identified the +6 war axe of Painful Death {holy, rElec
                  | Will- Dex+5}
 40982 | Depths:2 | Found a hide-covered altar of Uskayaw.
 40984 | Depths:2 | Found a hazy altar of Hepliaklqana.
 41024 | Depths:2 | Noticed a golden dragon
 41030 | Depths:2 | Killed a golden dragon
 41062 | Depths:2 | Identified the +5 orcbow "Lealif" {heavy, rPois}
 41259 | Depths:2 | Found a one-way gate leading to the halls of Pandemonium.
 41318 | Depths:2 | Found a runed translucent door.
 41319 | Depths:2 | Noticed aor's ghost (adept MiMo)
 41753 | Depths:3 | Paralysed by an air elemental for 1 turns
 41797 | Depths:3 | Identified the +6 long sword "Wuvoburr" {elec, rElec MP+9
                  | Dex-4 Stlth+}
 41828 | Depths:3 | Identified the ring of Agivim {rPois rCorr}
 41829 | Depths:3 | Identified the +6 hand axe "Vynio" {spect, Dex+4}
 41834 | Depths:3 | Identified the +0 robe of Generosity {Archmagi}
 41893 | Depths:3 | Identified the ring "Dedyr" {Ice rElec rCorr Str+4 Dex-4}
 41954 | Depths:3 | Reached XP level 25. HP: 252/253 MP: 0/0
 41954 | Depths:3 | Learned a level 8 spell: Lehudib's Crystal Spear
 41980 | Depths:3 | Identified the +7 trident of the Vaults {venom, rElec MP+9
                  | Int-3 Stlth-}
 41981 | Depths:3 | Identified the ring of Xaser {*Corrode rElec Will+ Str-2
                  | Dex+8 Stlth+}
 42033 | Depths:3 | Identified the ring of Teexaih {Fire Will- rCorr Int+4}
 42060 | Depths:3 | Identified the staff "Cimuafey" {rElec rPois Int-3 Fire Air
                  | Alchemy}
 43073 | Depths:4 | Entered Level 4 of the Depths
 43073 | Depths:4 | Noticed a juggernaut
 43081 | Depths:4 | Killed a juggernaut
 43189 | Depths:4 | Noticed Vv
 43242 | Depths:4 | Killed Vv
 43418 | Depths:4 | Lost mutation: You are highly strong-willed. (Will++)
                  | [Jiyva's grace]
 43418 | Depths:4 | Lost mutation: Your body has grown eyes which may confuse
                  | attackers. (Acc +3) [Jiyva's grace]
 43418 | Depths:4 | Lost mutation: You are covered in slimy tendrils that may
                  | disarm your opponents. [Jiyva's grace]
 43418 | Depths:4 | Gained mutation: You passively map a small area around you.
                  | [Jiyva's grace]
 43418 | Depths:4 | Gained mutation: You passively map the area around you.
                  | [Jiyva's grace]
 43418 | Depths:4 | Gained mutation: You passively map a large area around you.
                  | [Jiyva's grace]
 43418 | Depths:4 | Gained mutation: Your flesh is almost immune to the effects
                  | of heat. (rF+++) [Jiyva's grace]
 43806 | Depths:4 | Found a white marble altar of Elyvilon.
 43806 | Depths:4 | Found a glowing golden altar of the Shining One.
 43806 | Depths:4 | Found a glowing silver altar of Zin.
 43873 | Depths:4 | Found a one-way gateway to a ziggurat.
 44242 | Depths:4 | Found a gate to the Realm of Zot.
 44381 | Zot:1    | Entered Level 1 of the Realm of Zot
 44403 | Zot:1    | Reached skill level 5 in Dodging
 44785 | Zot:1    | Lost mutation: Your flesh is almost immune to the effects
                  | of heat. (rF+++) [Jiyva's grace]
 44785 | Zot:1    | Lost mutation: Your natural rate of healing is unusually
                  | fast. [Jiyva's grace]
 44785 | Zot:1    | Gained mutation: You have a small jelly attached to you
                  | that senses nearby items. [Jiyva's grace]
 44785 | Zot:1    | Gained mutation: You have very sharp teeth. [Jiyva's grace]
 44785 | Zot:1    | Gained mutation: You have extremely sharp teeth. [Jiyva's
                  | grace]
 44785 | Zot:1    | Gained mutation: You have razor-sharp teeth. [Jiyva's
                  | grace]
 45064 | Zot:2    | Noticed a curse toe
 45076 | Zot:2    | Killed a curse toe
 45594 | Zot:2    | Reached skill level 10 in Dodging
 45718 | Zot:2    | Noticed a curse toe
 45721 | Zot:2    | Killed a curse toe
 45733 | Zot:2    | Identified the +8 scimitar of Extermination {flame, +Blink}
 46105 | Zot:3    | Reached XP level 26. HP: 254/266 MP: 0/0
 47070 | Zot:3    | Lost mutation: You have razor-sharp teeth. [Jiyva's grace]
 47070 | Zot:3    | Lost mutation: You are completely covered in iridescent
                  | scales. (AC +6) [Jiyva's grace]
 47070 | Zot:3    | Lost mutation: You are extremely robust. (+30% HP) [Jiyva's
                  | grace]
 47070 | Zot:3    | Lost mutation: You are very robust. (+20% HP) [Jiyva's
                  | grace]
 47070 | Zot:3    | Lost mutation: You have acidic saliva. [Jiyva's grace]
 47070 | Zot:3    | Lost mutation: You have a small jelly attached to you that
                  | senses nearby items. [Jiyva's grace]
 47070 | Zot:3    | Gained mutation: You have a pair of small horns on your
                  | head. [Jiyva's grace]
 47070 | Zot:3    | Gained mutation: You have a pair of horns on your head.
                  | [Jiyva's grace]
 47070 | Zot:3    | Gained mutation: You have a pair of large horns on your
                  | head. [Jiyva's grace]
 47070 | Zot:3    | Gained mutation: Your flesh is almost immune to the effects
                  | of heat. (rF+++) [Jiyva's grace]
 47264 | Zot:3    | Found a stormy altar of Qazlal.
 49227 | Vaults:5 | Entered Level 5 of the Vaults
 49229 | Vaults:5 | Noticed an ancient lich
 49232 | Vaults:5 | Reached XP level 27. HP: 172/232 MP: 0/0
 49232 | Vaults:5 | Learned a level 9 spell: Polar Vortex
 49276 | Vaults:5 | Killed an ancient lich
 49312 | Vaults:5 | Identified the +7 broad axe "Vaham" {elec, rF+ Int+2
                  | Stlth-}
 49322 | Vaults:5 | Noticed a dread lich
 49349 | Vaults:5 | Killed a dread lich
 49385 | Abyss:2  | Cast into level 2 of the Abyss (a deep elf sorcerer)
 49390 | Vaults:5 | Escaped the Abyss
 49392 | Vaults:5 | Identified the +0 robe "Suirph" {+Inv rC- Str+3}
 49742 | Vaults:5 | Identified the +8 hand axe of Isoxauta {protect, rC- Int+6
                  | Dex+6}
 49822 | Vaults:5 | Identified the +5 kite shield "Zysyodd" {+Blink Regen+}
 49848 | Vaults:5 | Identified the ring "Lytyuh" {Str+6 Dex+6}
 50031 | Vaults:5 | Got a silver rune of Zot
 50794 | Pan      | Entered Pandemonium
 50855 | Pan      | Lost mutation: You have extremely sharp teeth. [Jiyva's
                  | grace]
 50855 | Pan      | Lost mutation: You have a pair of large horns on your head.
                  | [Jiyva's grace]
 50855 | Pan      | Lost mutation: You are mostly covered in iridescent scales.
                  | (AC +4) [Jiyva's grace]
 50855 | Pan      | Lost mutation: You are strong-willed. (Will+) [Jiyva's
                  | grace]
 50855 | Pan      | Lost mutation: You are robust. (+10% HP) [Jiyva's grace]
 50855 | Pan      | Gained mutation: You are mostly covered in iridescent
                  | scales. (AC +4) [Jiyva's grace]
 50855 | Pan      | Gained mutation: You are completely covered in iridescent
                  | scales. (AC +6) [Jiyva's grace]
 50855 | Pan      | Gained mutation: Your translucent skin slightly reduces
                  | your foes' accuracy. (Stealth+) [Jiyva's grace]
 50855 | Pan      | Gained mutation: Your translucent skin reduces your foes'
                  | accuracy. (Stealth+) [Jiyva's grace]
 50879 | Pan      | Noticed Evoeghuxt the pandemonium lord
 50894 | Pan      | Killed Evoeghuxt the pandemonium lord
 51557 | Pan      | Noticed Bamuh the pandemonium lord
 51733 | Pan      | Noticed Woqat the pandemonium lord
 51740 | Pan      | Killed Woqat the pandemonium lord
 52234 | Pan      | Noticed Rugiguju the pandemonium lord
 52254 | Pan      | Killed Rugiguju the pandemonium lord
 52359 | Pan      | Lost mutation: You are completely covered in iridescent
                  | scales. (AC +6) [Jiyva's grace]
 52359 | Pan      | Lost mutation: Your flesh is almost immune to the effects
                  | of heat. (rF+++) [Jiyva's grace]
 52359 | Pan      | Lost mutation: You passively map a large area around you.
                  | [Jiyva's grace]
 52359 | Pan      | Gained mutation: Your natural rate of healing is unusually
                  | fast. [Jiyva's grace]
 52359 | Pan      | Gained mutation: You heal very quickly. [Jiyva's grace]
 52359 | Pan      | Gained mutation: You regenerate. [Jiyva's grace]
 52359 | Pan      | Gained mutation: You have supernaturally acute eyesight.
                  | (SInv) [Jiyva's grace]
 52709 | Pan      | Noticed Ignacio
 52746 | Pan      | Reached skill level 15 in Dodging
 52748 | Pan      | Noticed Ugreunop the pandemonium lord
 52768 | Pan      | Killed Ugreunop the pandemonium lord
 52794 | Pan      | Noticed Ignacio
 52808 | Pan      | Killed Ignacio
 53366 | Pan      | Entered the realm of Mnoleg.
 53679 | Pan      | Noticed Mnoleg
 53711 | Pan      | Killed Mnoleg
 53727 | Pan      | Got a glowing rune of Zot
 54025 | Pan      | Entered the realm of Gloorx Vloq.
 54064 | Pan      | Lost mutation: You have a pair of horns on your head.
                  | [Jiyva's grace]
 54064 | Pan      | Lost mutation: You are mostly covered in iridescent scales.
                  | (AC +4) [Jiyva's grace]
 54064 | Pan      | Lost mutation: You regenerate. [Jiyva's grace]
 54064 | Pan      | Lost mutation: Your translucent skin reduces your foes'
                  | accuracy. (Stealth+) [Jiyva's grace]
 54064 | Pan      | Gained mutation: You are covered in slimy tendrils that may
                  | disarm your opponents. [Jiyva's grace]
 54064 | Pan      | Gained mutation: You have a pair of horns on your head.
                  | [Jiyva's grace]
 54064 | Pan      | Gained mutation: You have a pair of large horns on your
                  | head. [Jiyva's grace]
 54064 | Pan      | Gained mutation: Your melee attacks may engulf your foes in
                  | ooze. [Jiyva's grace]
 54086 | Pan      | Noticed Gloorx Vloq
 54274 | Pan      | Reached skill level 27 in Fighting
 54463 | Pan      | Killed Gloorx Vloq
 54489 | Pan      | Got a dark rune of Zot
 54696 | Pan      | Found an exit through the horrors of the Abyss.
 55640 | Pan      | Lost mutation: You heal very quickly. [Jiyva's grace]
 55640 | Pan      | Lost mutation: Your natural rate of healing is unusually
                  | fast. [Jiyva's grace]
 55640 | Pan      | Gained mutation: You have acidic saliva. [Jiyva's grace]
 55640 | Pan      | Gained mutation: You are somewhat resistant to further
                  | mutation. [Jiyva's grace]
 55640 | Pan      | Gained mutation: You are somewhat resistant to both further
                  | mutation and mutation removal. [Jiyva's grace]
 55640 | Pan      | Gained mutation: You are almost entirely resistant to
                  | further mutation and mutation removal. [Jiyva's grace]
 55669 | Pan      | Noticed Lahuumn the pandemonium lord
 55671 | Pan      | Killed Lahuumn the pandemonium lord
 55825 | Pan      | Entered the realm of Cerebov.
 55873 | Pan      | Identified the +11 quarterstaff of Courage {pain, rN+}
 55907 | Pan      | Identified the +7 flail of the Dwarven Hall {antimagic,
                  | ^Fragile Will+ rCorr Dex+3}
 55957 | Pan      | Identified the +6 war axe of the Gloaming {flame, rC+}
 55975 | Pan      | Identified the +3 halberd of the Soft God {venom, Str+3}
 55985 | Pan      | Identified the +1 plate armour "Vuikioni" {Will+}
 56065 | Pan      | Identified the staff of Reinforcement {rElec Dex+3 Conj}
 56066 | Pan      | Identified the +1 robe of Impermeability {rElec Int+3}
 56071 | Pan      | Identified the +0 chain mail of the Griffon {rC- Slay+5}
 56072 | Pan      | Identified the +0 leather armour of Nice Miracles {rC++}
 56080 | Pan      | Identified the +0 plate armour of an ossuary {MP+9}
 56089 | Pan      | Found the +6 sword of Cerebov {flame}
 56089 | Pan      | Noticed Cerebov
 56175 | Pan      | Killed Cerebov
 56216 | Pan      | Got a fiery rune of Zot
 57016 | Pan      | Noticed Nuilipse the pandemonium lord
 57029 | Pan      | Entered the realm of Lom Lobon.
 57160 | Pan      | Found an exit through the horrors of the Abyss.
 57260 | Pan      | Lost mutation: You have a pair of large horns on your head.
                  | [Jiyva's grace]
 57260 | Pan      | Lost mutation: You are partially covered in iridescent
                  | scales. (AC +2) [Jiyva's grace]
 57260 | Pan      | Lost mutation: You passively map the area around you.
                  | [Jiyva's grace]
 57260 | Pan      | Lost mutation: You have acidic saliva. [Jiyva's grace]
 57260 | Pan      | Lost mutation: Your translucent skin slightly reduces your
                  | foes' accuracy. (Stealth+) [Jiyva's grace]
 57260 | Pan      | Gained mutation: You have sharp fingernails. [Jiyva's
                  | grace]
 57260 | Pan      | Gained mutation: You have very sharp fingernails. [Jiyva's
                  | grace]
 57260 | Pan      | Gained mutation: You have claws for hands. [Jiyva's grace]
 57260 | Pan      | Gained mutation: You are partially covered in large bone
                  | plates. (SH +4) [Jiyva's grace]
 58274 | Pan      | Noticed Lom Lobon
 58405 | Pan      | Got a magical rune of Zot
 58622 | Pan      | Acquired the ring of Benevolence {Wiz rPois rF- Int+7
                  | Dex+3}
 58689 | Pan      | Noticed Xiwystr Hiano the pandemonium lord
 58814 | Pan      | Identified the +3 dagger of Sloth {heavy, rPois rCorr
                  | Str+5}
 59290 | Pan      | Noticed Vidi the pandemonium lord
 59310 | Pan      | Killed Vidi the pandemonium lord
 59506 | Pan      | Noticed Lom Lobon
 59604 | Pan      | Lost mutation: You have claws for hands. [Jiyva's grace]
 59604 | Pan      | Lost mutation: You have a pair of horns on your head.
                  | [Jiyva's grace]
 59604 | Pan      | Lost mutation: You have a pair of small horns on your head.
                  | [Jiyva's grace]
 59604 | Pan      | Lost mutation: You expend health (3 HP) to strengthen your
                  | wands. [Jiyva's grace]
 59604 | Pan      | Gained mutation: You expend health (3 HP) to strengthen
                  | your wands. [Jiyva's grace]
 59604 | Pan      | Gained mutation: You are partially covered in iridescent
                  | scales. (AC +2) [Jiyva's grace]
 59604 | Pan      | Gained mutation: You are mostly covered in iridescent
                  | scales. (AC +4) [Jiyva's grace]
 59604 | Pan      | Gained mutation: You are completely covered in iridescent
                  | scales. (AC +6) [Jiyva's grace]
 59619 | Pan      | Noticed Lom Lobon
 59632 | Pan      | Noticed Wiafahoah the pandemonium lord
 59641 | Pan      | Killed Wiafahoah the pandemonium lord
 59738 | Pan      | Found an exit through the horrors of the Abyss.
 59886 | Pan      | Noticed Lom Lobon
 60315 | Pan      | Noticed Fudecairgh the pandemonium lord
 60321 | Pan      | Killed Fudecairgh the pandemonium lord
 60353 | Pan      | Identified the +4 crystal plate armour "Iwaitaso" {Harm
                  | rElec rPois rCorr}
 60693 | Pan      | Noticed Lom Lobon
 60696 | Pan      | Noticed Emepne the pandemonium lord
 60774 | Pan      | Noticed Lom Lobon
 60863 | Pan      | Noticed Ywoitioll the pandemonium lord
 60933 | Pan      | Noticed Lom Lobon
 61144 | Pan      | Noticed Yxzorib the pandemonium lord
 61282 | Pan      | Reached skill level 27 in Spellcasting
 61282 | Pan      | Reached skill level 27 in Conjurations
 61282 | Pan      | Reached skill level 27 in Hexes
 61282 | Pan      | Reached skill level 27 in Summonings
 61282 | Pan      | Reached skill level 27 in Necromancy
 61282 | Pan      | Reached skill level 27 in Translocations
 61282 | Pan      | Reached skill level 27 in Fire Magic
 61282 | Pan      | Reached skill level 27 in Ice Magic
 61282 | Pan      | Reached skill level 27 in Air Magic
 61282 | Pan      | Reached skill level 27 in Earth Magic
 61282 | Pan      | Reached skill level 27 in Alchemy
 61430 | Pan      | Found a runed translucent door.
 61449 | Pan      | Got a demonic rune of Zot
 61542 | Pan      | Found an exit through the horrors of the Abyss.
 61551 | Pan      | Took an exit into the Abyss.
 61551 | Abyss:2  | Escaped into the Abyss
 61571 | Abyss:2  | Found a corrupted altar of Lugonu.
 61751 | Abyss:2  | Lost mutation: Your mind is acute. (Int +4, Str/Dex -1)
                  | [Jiyva's grace]
 61751 | Abyss:2  | Lost mutation: You are almost entirely resistant to further
                  | mutation and mutation removal. [Jiyva's grace]
 61751 | Abyss:2  | Lost mutation: You expend health (3 HP) to strengthen your
                  | wands. [Jiyva's grace]
 61751 | Abyss:2  | Gained mutation: Your skin changes colour to match your
                  | surroundings (Stealth+). [Jiyva's grace]
 61751 | Abyss:2  | Gained mutation: Your skin blends seamlessly with your
                  | surroundings (Stealth++). [Jiyva's grace]
 61751 | Abyss:2  | Gained mutation: Your skin perfectly mimics your
                  | surroundings (Stealth+++). [Jiyva's grace]
 61751 | Abyss:2  | Gained mutation: Your flesh is almost immune to the effects
                  | of heat. (rF+++) [Jiyva's grace]
 62283 | Abyss:3  | Found a corrupted altar of Lugonu.
 62289 | Abyss:3  | Found a corrupted altar of Lugonu.
 62291 | Abyss:3  | Got an abyssal rune of Zot
 62304 | Depths:2 | Escaped the Abyss
 62438 | Hell     | Entered the Vestibule of Hell
 62438 | Hell     | Noticed Geryon
 62444 | Hell     | Killed Geryon
 62637 | Hell     | Found a gateway to the decaying netherworld of Tartarus.
 62706 | Hell     | Found a gateway to the freezing wastes of Cocytus.
 62834 | Hell     | Found a gateway to the Iron City of Dis.
 62953 | Hell     | Found a gateway to the ashen valley of Gehenna.
 62962 | Geh:1    | Entered Level 1 of Gehenna
 63374 | Geh:2    | Lost mutation: Your skin perfectly mimics your surroundings
                  | (Stealth+++). [Jiyva's grace]
 63374 | Geh:2    | Lost mutation: Your flesh is almost immune to the effects
                  | of heat. (rF+++) [Jiyva's grace]
 63374 | Geh:2    | Lost mutation: You are somewhat resistant to both further
                  | mutation and mutation removal. [Jiyva's grace]
 63374 | Geh:2    | Lost mutation: You are covered in slimy tendrils that may
                  | disarm your opponents. [Jiyva's grace]
 63374 | Geh:2    | Gained mutation: Your mind is acute. (Int +4, Str/Dex -1)
                  | [Jiyva's grace]
 63374 | Geh:2    | Gained mutation: Your mind is very acute. (Int +8, Str/Dex
                  | -2) [Jiyva's grace]
 63374 | Geh:2    | Gained mutation: You have a small jelly attached to you
                  | that may absorb projectiles. [Jiyva's grace]
 63374 | Geh:2    | Gained mutation: You are strong-willed. (Will+) [Jiyva's
                  | grace]
 63402 | Geh:2    | Reached skill level 10 in Evocations
 64316 | Geh:5    | Noticed an ancient lich
 64393 | Geh:5    | Killed an ancient lich
 64801 | Geh:7    | Entered Level 7 of Gehenna
 65649 | Geh:7    | Reached skill level 27 in Dodging
 65755 | Geh:7    | Reached skill level 5 in Armour
 65766 | Geh:7    | Identified the ring of Xom's Attic {Wiz rF- Will+ SInv
                  | Stlth+}
 65796 | Geh:7    | Found the +13 sceptre of Asmodeus
 65796 | Geh:7    | Noticed Asmodeus
 65813 | Geh:7    | Killed Asmodeus
 65867 | Geh:7    | Got an obsidian rune of Zot
 65939 | Geh:7    | Found the +0 pair of fencer's gloves {Riposte Dex+3}
 66442 | Tar:1    | Entered Level 1 of Tartarus
 66442 | Tar:1    | Lost mutation: You have very sharp fingernails. [Jiyva's
                  | grace]
 66442 | Tar:1    | Lost mutation: You are completely covered in iridescent
                  | scales. (AC +6) [Jiyva's grace]
 66442 | Tar:1    | Lost mutation: You are partially covered in large bone
                  | plates. (SH +4) [Jiyva's grace]
 66442 | Tar:1    | Lost mutation: Your skin blends seamlessly with your
                  | surroundings (Stealth++). [Jiyva's grace]
 66442 | Tar:1    | Lost mutation: Your melee attacks may engulf your foes in
                  | ooze. [Jiyva's grace]
 66442 | Tar:1    | Gained mutation: You are robust. (+10% HP) [Jiyva's grace]
 66442 | Tar:1    | Gained mutation: You are very robust. (+20% HP) [Jiyva's
                  | grace]
 66442 | Tar:1    | Gained mutation: You are extremely robust. (+30% HP)
                  | [Jiyva's grace]
 66442 | Tar:1    | Gained mutation: You have a small jelly attached to you
                  | that senses nearby items. [Jiyva's grace]
 66801 | Tar:2    | Reached skill level 10 in Armour
 68039 | Tar:7    | Entered Level 7 of Tartarus
 68056 | Tar:7    | Noticed a dread lich
 68058 | Tar:7    | Paralysed by a dread lich for 2 turns
 68062 | Tar:7    | Killed a dread lich
 68150 | Tar:7    | Lost mutation: Your mind is very acute. (Int +8, Str/Dex
                  | -2) [Jiyva's grace]
 68150 | Tar:7    | Lost mutation: You are extremely robust. (+30% HP) [Jiyva's
                  | grace]
 68150 | Tar:7    | Gained mutation: You passively map the area around you.
                  | [Jiyva's grace]
 68150 | Tar:7    | Gained mutation: You passively map a large area around you.
                  | [Jiyva's grace]
 68150 | Tar:7    | Gained mutation: Your flesh is almost immune to the effects
                  | of heat. (rF+++) [Jiyva's grace]
 68150 | Tar:7    | Gained mutation: Your spells are a little harder to cast,
                  | but a little more powerful. [Jiyva's grace]
 68230 | Tar:7    | Noticed a dread lich
 68232 | Tar:7    | Paralysed by a dread lich for 4 turns
 68237 | Tar:7    | Killed a dread lich
 68410 | Tar:7    | Identified the orb of Iwau {guile, rPois rC+ Necro Earth}
 68428 | Tar:7    | Identified the staff "Killer Bee's Curse" {^Fragile rPois
                  | rC+ rN++ Will- Ice}
 68949 | Tar:7    | Identified the +1 hand axe of Gallantry {freeze, Str+5
                  | Dex-3}
 68950 | Tar:7    | Identified the amulet "Tekhlah" {Spirit rPois rF- Str+8}
 69103 | Tar:7    | Identified the +4 quick blade of Trog's Regard {flame, Fly
                  | rElec SInv}
 69104 | Tar:7    | Identified the +4 flail "Dinagory" {antimagic, Str+3}
 69121 | Tar:7    | Identified the +7 chain mail "Ikhy" {+Blink rCorr Int+3}
 69354 | Tar:7    | Identified the staff "Huzxugh" {+Blink rN+ Stlth+ Necro}
 69568 | Tar:7    | Noticed Ereshkigal
 69588 | Tar:7    | Killed Ereshkigal
 69662 | Tar:7    | Got a bone rune of Zot
 69837 | Dis:1    | Entered Level 1 of the Iron City of Dis
 69955 | Dis:1    | Noticed a dread lich
 69961 | Dis:1    | Killed a dread lich
 70195 | Dis:2    | Noticed a dread lich
 70197 | Dis:2    | Killed a dread lich
 70750 | Dis:5    | You are sucked into a shaft and drop 1 floor!
 70764 | Dis:7    | Entered Level 7 of the Iron City of Dis
 70905 | Dis:7    | Lost mutation: You have very sharp teeth. [Jiyva's grace]
 70905 | Dis:7    | Lost mutation: You are mostly covered in iridescent scales.
                  | (AC +4) [Jiyva's grace]
 70905 | Dis:7    | Lost mutation: Your mind is acute. (Int +4, Str/Dex -1)
                  | [Jiyva's grace]
 70905 | Dis:7    | Lost mutation: Your flesh is almost immune to the effects
                  | of heat. (rF+++) [Jiyva's grace]
 70905 | Dis:7    | Lost mutation: You are strong-willed. (Will+) [Jiyva's
                  | grace]
 70905 | Dis:7    | Lost mutation: You are very robust. (+20% HP) [Jiyva's
                  | grace]
 70905 | Dis:7    | Gained mutation: You passively dampen the noise of your
                  | surroundings. [Jiyva's grace]
 70905 | Dis:7    | Gained mutation: Your body has grown eyes which may confuse
                  | attackers. (Acc +3) [Jiyva's grace]
 70905 | Dis:7    | Gained mutation: Your body has grown many eyes which may
                  | confuse attackers. (Acc +5) [Jiyva's grace]
 70905 | Dis:7    | Gained mutation: Your body is covered in eyes which may
                  | confuse attackers. (Acc +7, SInv) [Jiyva's grace]
 71094 | Dis:7    | Reached skill level 27 in Shields
 71846 | Dis:7    | Noticed a juggernaut
 71856 | Dis:7    | Killed a juggernaut
 71868 | Dis:7    | Identified the +3 leather armour of Courage {-Tele rElec
                  | Will+ Int+8}
 71876 | Dis:7    | Identified the +7 mace of Due Proportion {flame, rPois
                  | Str+3}
 71904 | Dis:7    | Identified the +1 arbalest of the Depths {freeze, rF+ Str+3
                  | Stlth+}
 72001 | Dis:7    | Reached skill level 15 in Armour
 72177 | Dis:7    | Noticed the Serpent of Hell
 72180 | Dis:7    | Noticed a juggernaut
 72185 | Dis:7    | Killed the Serpent of Hell
 72187 | Dis:7    | Killed a juggernaut
 72411 | Dis:7    | Noticed Dispater
 72642 | Dis:7    | Got an iron rune of Zot
 72884 | Coc:1    | Entered Level 1 of Cocytus
 72888 | Coc:1    | Reached skill level 1 in Long Blades
 72900 | Coc:1    | Noticed an ancient lich
 72968 | Coc:1    | Killed an ancient lich
 73111 | Coc:2    | Noticed a juggernaut
 73113 | Coc:2    | Noticed a juggernaut
 73114 | Coc:2    | Killed a juggernaut
 73115 | Coc:2    | Reached skill level 5 in Long Blades
 73116 | Coc:2    | Killed a juggernaut
 73133 | Coc:2    | Noticed a shard shrike
 73136 | Coc:2    | Noticed an ancient lich
 73137 | Coc:2    | Killed a shard shrike
 73181 | Coc:4    | Noticed an ancient lich
 73185 | Coc:4    | Killed an ancient lich
 73302 | Coc:4    | Noticed a shard shrike
 73334 | Coc:4    | Noticed a shard shrike
 73334 | Coc:4    | Noticed a shard shrike
 73335 | Coc:4    | Noticed a shard shrike
 73401 | Coc:4    | Killed a shard shrike
 73401 | Coc:4    | Killed a shard shrike
 73401 | Coc:4    | Killed a shard shrike
 73402 | Coc:4    | Killed a shard shrike
 73477 | Coc:5    | Noticed a shard shrike
 73478 | Coc:5    | Noticed a shard shrike
 73564 | Coc:5    | Killed a shard shrike
 73565 | Coc:5    | Killed a shard shrike
 73666 | Coc:6    | Reached skill level 10 in Long Blades
 73854 | Coc:7    | Entered Level 7 of Cocytus
 73897 | Coc:7    | Noticed a shard shrike
 73899 | Coc:7    | Killed a shard shrike
 73908 | Coc:7    | Noticed a shard shrike
 73914 | Coc:7    | Noticed a shard shrike
 73915 | Coc:7    | Noticed a shard shrike
 73918 | Coc:7    | Killed a shard shrike
 73919 | Coc:7    | Killed a shard shrike
 73919 | Coc:7    | Killed a shard shrike
 73922 | Coc:7    | Noticed a shard shrike
 73930 | Coc:7    | Killed a shard shrike
 74029 | Coc:7    | Noticed a shard shrike
 74031 | Coc:7    | Killed a shard shrike
 74056 | Coc:7    | Noticed a shard shrike
 74066 | Coc:7    | Killed a shard shrike
 74131 | Coc:7    | Noticed a shard shrike
 74134 | Coc:7    | Killed a shard shrike
 74392 | Coc:7    | Paralysed by a wendigo for 1 turns
 74612 | Coc:7    | Noticed a shard shrike
 74614 | Coc:7    | Killed a shard shrike
 74634 | Coc:7    | Noticed a shard shrike
 74636 | Coc:7    | Killed a shard shrike
 74748 | Coc:7    | Lost mutation: You are partially covered in iridescent
                  | scales. (AC +2) [Jiyva's grace]
 74748 | Coc:7    | Lost mutation: You are robust. (+10% HP) [Jiyva's grace]
 74748 | Coc:7    | Lost mutation: Your skin changes colour to match your
                  | surroundings (Stealth+). [Jiyva's grace]
 74748 | Coc:7    | Gained mutation: Your translucent skin slightly reduces
                  | your foes' accuracy. (Stealth+) [Jiyva's grace]
 74748 | Coc:7    | Gained mutation: Your translucent skin reduces your foes'
                  | accuracy. (Stealth+) [Jiyva's grace]
 74748 | Coc:7    | Gained mutation: Your transparent skin significantly
                  | reduces your foes' accuracy. (Stealth+) [Jiyva's grace]
 74748 | Coc:7    | Gained mutation: Your spells are harder to cast, but more
                  | powerful. [Jiyva's grace]
 74936 | Coc:7    | Identified the +9 quarterstaff of the Solstice {vamp,
                  | Will+}
 74936 | Coc:7    | Identified the ring "Juit" {rF+ rC++ rN+ Will-}
 74936 | Coc:7    | Noticed Antaeus
 74972 | Coc:7    | Killed Antaeus
 74981 | Coc:7    | Noticed a shard shrike
 74988 | Coc:7    | Killed a shard shrike
 75045 | Coc:7    | Got an icy rune of Zot
 75071 | Coc:7    | Identified the +6 orcbow of Turmoil {antimagic, *Corrode
                  | rC- Str+8 Dex+7}
 75189 | Coc:7    | Identified the +4 barding "Ywiometz" {Int+3}
 75807 | Tomb:1   | Entered Level 1 of the Tomb of the Ancients
 76436 | Tomb:1   | Noticed a royal mummy
 76441 | Tomb:1   | Killed a royal mummy
 76457 | Tomb:1   | Noticed a royal mummy
 76462 | Tomb:1   | Killed a royal mummy
 77293 | Tomb:2   | Noticed a royal mummy
 77295 | Tomb:2   | Noticed a royal mummy
 77295 | Tomb:2   | Noticed a royal mummy
 77295 | Tomb:2   | Noticed a royal mummy
 77303 | Tomb:2   | Killed a royal mummy
 77332 | Tomb:2   | Killed a royal mummy
 77338 | Tomb:2   | Killed a royal mummy
 77343 | Tomb:2   | Killed a royal mummy
 77716 | Tomb:1   | Noticed a royal mummy
 77716 | Tomb:1   | Noticed a royal mummy
 77716 | Tomb:1   | Noticed a royal mummy
 77722 | Tomb:1   | Noticed a royal mummy
 77722 | Tomb:1   | Killed a royal mummy
 77725 | Tomb:1   | Noticed a royal mummy
 77727 | Tomb:1   | Killed a royal mummy
 77727 | Tomb:1   | Noticed a royal mummy
 77730 | Tomb:1   | Noticed a royal mummy
 77731 | Tomb:1   | Killed a royal mummy
 77731 | Tomb:1   | Noticed a royal mummy
 77732 | Tomb:1   | Killed a royal mummy
 77735 | Tomb:1   | Killed a royal mummy
 77736 | Tomb:1   | Noticed a royal mummy
 77913 | Tomb:1   | Killed a royal mummy
 77924 | Tomb:1   | Killed a royal mummy
 77929 | Tomb:1   | Killed a royal mummy
 78097 | Tomb:1   | Killed a royal mummy
 78262 | Tomb:1   | Noticed a royal mummy
 78281 | Tomb:1   | Noticed a royal mummy
 78284 | Tomb:1   | Noticed a royal mummy
 78286 | Tomb:1   | Killed a royal mummy
 78291 | Tomb:1   | Killed a royal mummy
 78295 | Tomb:1   | Noticed a royal mummy
 78302 | Tomb:1   | Killed a royal mummy
 78305 | Tomb:1   | Killed a royal mummy
 78309 | Tomb:1   | Noticed a royal mummy
 78311 | Tomb:1   | Noticed a royal mummy
 78316 | Tomb:1   | Killed a royal mummy
 78317 | Tomb:1   | Killed a royal mummy
 78317 | Tomb:1   | Noticed a royal mummy
 78321 | Tomb:1   | Killed a royal mummy
 78346 | Tomb:1   | Noticed a royal mummy
 78352 | Tomb:1   | Killed a royal mummy
 78367 | Tomb:1   | Noticed a royal mummy
 78370 | Tomb:1   | Killed a royal mummy
 78413 | Tomb:1   | Noticed a royal mummy
 78418 | Tomb:1   | Killed a royal mummy
 78446 | Tomb:1   | Noticed a royal mummy
 78450 | Tomb:1   | Killed a royal mummy
 78579 | Tomb:1   | Noticed a royal mummy
 78583 | Tomb:1   | Killed a royal mummy
 78586 | Tomb:1   | Noticed a royal mummy
 78588 | Tomb:1   | Noticed a royal mummy
 78592 | Tomb:1   | Killed a royal mummy
 78592 | Tomb:1   | Killed a royal mummy
 79473 | Tomb:2   | Was placed under penance by Jiyva
 79908 | Tomb:3   | Entered Level 3 of the Tomb of the Ancients
 79928 | Tomb:3   | Reached skill level 15 in Evocations
 79929 | Tomb:3   | Found the +3 Mad Mage's Maulers {Infuse+∞ VampMP -Cast}
 79939 | Tomb:3   | Identified the amulet "Efue" {Faith rPois rC+ Int+2}
 79953 | Tomb:3   | Identified the staff of Sytec {rPois rC+ Alchemy}
 79960 | Tomb:3   | Identified the ring of Buang {Fly Str+7 Slay-2}
 79969 | Tomb:3   | Noticed a royal mummy
 79978 | Tomb:3   | Killed a royal mummy
 80001 | Tomb:3   | Noticed a royal mummy
 80005 | Tomb:3   | Noticed a royal mummy
 80008 | Tomb:3   | HP: 16/342 [emperor scorpion[a royal mummy] (12)]
 80008 | Tomb:3   | Noticed a royal mummy
 80011 | Tomb:3   | Noticed a royal mummy
 80013 | Tomb:3   | Killed a royal mummy
 80013 | Tomb:3   | Killed a royal mummy
 80015 | Tomb:3   | Killed a royal mummy
 80016 | Tomb:3   | Killed a royal mummy
 80017 | Tomb:3   | Noticed a royal mummy
 80022 | Tomb:3   | Noticed a royal mummy
 80027 | Tomb:3   | HP: 9/228 [royal mummy/divine providence (8)]
 80040 | Tomb:3   | Noticed a royal mummy
 80104 | Tomb:2   | Gained mutation: You are clumsy. (Dex -2) [the
                  | all-consuming vengeance of Jiyva]
 80104 | Tomb:2   | Gained mutation: You occasionally lose the ability to read
                  | scrolls when taking damage. [the all-consuming vengeance of
                  | Jiyva]
 80104 | Tomb:2   | Lost mutation: You have a small jelly attached to you that
                  | may absorb projectiles. [the all-consuming vengeance of
                  | Jiyva]
 80104 | Tomb:2   | Was forgiven by Jiyva
 80210 | Tomb:2   | Lost mutation: You are clumsy. (Dex -2) [potion of
                  | mutation]
 80210 | Tomb:2   | Lost mutation: Your spells are harder to cast, but more
                  | powerful. [potion of mutation]
 80211 | Tomb:2   | Lost mutation: You are somewhat resistant to further
                  | mutation. [potion of mutation]
 80211 | Tomb:2   | Lost mutation: You passively map a large area around you.
                  | [potion of mutation]
 80211 | Tomb:2   | Lost mutation: You have a small jelly attached to you that
                  | senses nearby items. [potion of mutation]
 80211 | Tomb:2   | Lost mutation: You have sharp fingernails. [potion of
                  | mutation]
 80211 | Tomb:2   | Lost mutation: Your spells are a little harder to cast, but
                  | a little more powerful. [potion of mutation]
 80211 | Tomb:2   | Gained mutation: You have a somewhat thin skeletal
                  | structure. (Dex +2, Stealth+) [potion of mutation]
 80211 | Tomb:2   | Gained mutation: You have a pair of small horns on your
                  | head. [potion of mutation]
 80212 | Tomb:2   | Lost mutation: You passively map the area around you.
                  | [potion of mutation]
 80212 | Tomb:2   | Lost mutation: You have a somewhat thin skeletal structure.
                  | (Dex +2, Stealth+) [potion of mutation]
 80212 | Tomb:2   | Lost mutation: You passively map a small area around you.
                  | [potion of mutation]
 80212 | Tomb:2   | Gained mutation: Your mind is acute. (Int +4, Str/Dex -1)
                  | [potion of mutation]
 80212 | Tomb:2   | Lost mutation: You have supernaturally acute eyesight.
                  | (SInv) [potion of mutation]
 80951 | Zot:5    | Entered Level 5 of the Realm of Zot
 81286 | Zot:5    | Noticed a Killer Klown
 81292 | Zot:5    | Killed a Killer Klown
 82275 | Tomb:3   | Killed a royal mummy
 82280 | Tomb:3   | Killed a royal mummy
 82289 | Tomb:3   | Noticed a royal mummy
 82294 | Tomb:3   | Identified the ring of Baarory {rElec AC+4 Str+2 Int+3
                  | Dex-4}
 82296 | Tomb:3   | Killed a royal mummy
 82298 | Tomb:3   | Killed a royal mummy
 82386 | Tomb:3   | Identified the +3 leather armour of the Northern Lights
                  | {rN+}
 82426 | Tomb:3   | Acquired the ring "Mocu" {rPois rC- rCorr Str+5 Int+6
                  | Stlth+}
 82483 | Tomb:3   | Identified the +1 spear "Wixti Zaxt" {pain, rPois MP+9}
 82509 | Tomb:3   | Found the amulet of the Air {Inacc Air Fly rElec RMsl}
 82548 | Tomb:3   | Lost mutation: Your transparent skin significantly reduces
                  | your foes' accuracy. (Stealth+) [Jiyva's grace]
 82548 | Tomb:3   | Lost mutation: Your translucent skin reduces your foes'
                  | accuracy. (Stealth+) [Jiyva's grace]
 82548 | Tomb:3   | Gained mutation: Your rubbery body absorbs attacks. (AC +1,
                  | EV +1) [Jiyva's grace]
 82548 | Tomb:3   | Gained mutation: Your pliable body absorbs attacks. (AC +2,
                  | EV +2) [Jiyva's grace]
 82548 | Tomb:3   | Gained mutation: Your gelatinous body deflects attacks. (AC
                  | +3, EV +3) [Jiyva's grace]
 82548 | Tomb:3   | Gained mutation: Your movements are slightly less
                  | encumbered by armour. (ER -2) [Jiyva's grace]
 82556 | Tomb:3   | Got a golden rune of Zot
 83244 | Zot:5    | Noticed an orb of fire
 83255 | Zot:5    | Killed an orb of fire
 83260 | Zot:5    | Noticed a Killer Klown
 83324 | Zot:5    | Noticed an orb of fire
 83331 | Zot:5    | Killed an orb of fire
 83331 | Zot:5    | Noticed an ancient lich
 83337 | Zot:5    | Killed an ancient lich
 83338 | Zot:5    | Killed a Killer Klown
 83367 | Zot:5    | Noticed an ancient lich
 83367 | Zot:5    | Noticed an orb of fire
 83382 | Zot:5    | Killed an orb of fire
 83385 | Zot:5    | Killed an ancient lich
 83478 | Zot:5    | Noticed a Killer Klown
 83481 | Zot:5    | Killed a Killer Klown
 83481 | Zot:5    | Noticed a dread lich
 83488 | Zot:5    | Killed a dread lich
 83490 | Zot:5    | Noticed an orb of fire
 83495 | Zot:5    | Gained mutation: Armour fits poorly on your strangely
                  | shaped body. [an orb of fire]
 83499 | Zot:5    | Killed an orb of fire
 83610 | Zot:5    | Noticed an orb of fire
 83615 | Zot:5    | Noticed an orb of fire
 83619 | Zot:5    | Killed an orb of fire
 83620 | Zot:5    | Gained mutation: You are clumsy. (Dex -2) [an orb of fire]
 83621 | Zot:5    | Noticed a Killer Klown
 83622 | Zot:5    | Killed an orb of fire
 83624 | Zot:5    | Killed a Killer Klown
 83626 | Zot:5    | Noticed an ancient lich
 83629 | Zot:5    | Noticed an ancient lich
 83630 | Zot:5    | Killed an ancient lich
 83633 | Zot:5    | Killed an ancient lich
 84157 | Zot:5    | Noticed an ancient lich
 84164 | Zot:5    | Killed an ancient lich
 84179 | Zot:5    | Lost mutation: Your gelatinous body deflects attacks. (AC
                  | +3, EV +3) [potion of mutation]
 84179 | Zot:5    | Lost mutation: Your pliable body absorbs attacks. (AC +2,
                  | EV +2) [potion of mutation]
 84179 | Zot:5    | Lost mutation: You occasionally lose the ability to read
                  | scrolls when taking damage. [potion of mutation]
 84179 | Zot:5    | Lost mutation: Your body is covered in eyes which may
                  | confuse attackers. (Acc +7, SInv) [potion of mutation]
 84179 | Zot:5    | Gained mutation: Your muscles are strong. (Str +4, Int/Dex
                  | -1) [potion of mutation]
 84180 | Zot:5    | Lost mutation: Your muscles are strong. (Str +4, Int/Dex
                  | -1) [potion of mutation]
 84180 | Zot:5    | Lost mutation: Your body has grown many eyes which may
                  | confuse attackers. (Acc +5) [potion of mutation]
 84180 | Zot:5    | Lost mutation: Your rubbery body absorbs attacks. (AC +1,
                  | EV +1) [potion of mutation]
 84180 | Zot:5    | Gained mutation: You are strong-willed. (Will+) [potion of
                  | mutation]
 84180 | Zot:5    | Gained mutation: You are highly strong-willed. (Will++)
                  | [potion of mutation]
 84302 | Zot:5    | Got the Orb of Zot
 84420 | Zot:1    | Noticed Tetix the pandemonium lord
 84607 | D:13     | Gained mutation: You are frail. (-10% HP) [a cacodemon]
 84805 | D:$      | Escaped with the Orb!

Illustrated notes

Levels and vault maps discovered:
D:1:      dpeg_arrival_water_altar, layout_loops_cross, serial_bayou_pond_b
D:2:      layout_rooms, basic_ecumenical_altar, small_statue_intersection
D:3:      layout_loops_corners, uniq_terence, uniq_natasha
D:4:      minmay_razor_zed, layout_basic, tgw_kikubaaqudgha,
          jmf_multi_god_temple2
D:5:      layout_gridville, zin_angel, portal_sewer_entry_d
D:6:      layout_cave_pools, mainiacjoe_overflow_paths,
          minmay_temple_entry_stoned_glass, serial_shops, shop_coins
D:7:      layout_basic, mainiacjoe_overflow_alcove_4,
          nicolae_ashenzari_skybound, lemuel_coloured_pillars_altar,
          nicolae_ossuary_entry_false_entrances, serial_shops, shop
D:8:      lemuel_bear_cage, layout_loops_cross, fedhas_altar_decomposition,
          uniq_psyche, uniq_grum
D:9:      kennysheep_six_static_rooms, layout_loops_cross,
          amcnicky_altar_gilded, dpeg_oklobed_lair
D:10:     layout_gridville, nicolae_wu_jian_immortal_techniques, orc_david_3,
          enter_bailey_4, grunt_decor_arrowhead, hangedman_decor_growths,
          minivault_16
D:11:     layout_basic, uniq_nergalle, uniq_maurice
D:12:     layout_basic, serial_curves, eino_curves_03, eino_curves_01,
          cheibriados_altar_1, uniq_fannar, uniq_josephine
D:13:     layout_rooms, roadster_trireme, uniq_frances
D:14:     minmay_wizard_corner, layout_loops_cross, david_vaults_5,
          hangedman_ru_absence
D:15:     gammafunk_depths_entry_grave, layout_long_grid,
          hangedman_decor_cross_pass, gammafunk_ghost_arena, uniq_louise,
          uniq_azrael, uniq_rupert
Lair:1:   layout_cave_shapes, beast_lair_carwin_8
Lair:2:   layout_cave_pods, minmay_shoals_entry_beasts,
          hellmonk_spider_entry_not_the_bees, kennysheep_rathole,
          serial_bayou_shore_b
Lair:3:   layout_roguey, pdpol_lair_cabin_in_the_woods
Lair:4:   layout_regular_city, slime_entry_1, lemuel_old_faithful
Lair:5:   minmay_lair_end_enchanted_forest, layout_gridlike,
          minmay_lair_drake_nest
Shoals:1: layout_shoals, nicolae_shoals_circle_sea_wall
Shoals:2: layout_shoals, minmay_shop_enchanted_jewellery, nicolae_shoals_songs
Shoals:3: layout_shoals, nicolae_shoals_seven_spires,
          nicolae_shoals_water_shrine, uniq_donald
Shoals:4: shoals_end_simple, layout_shoals
Spider:1: layout_spider_delve, hellmonk_deceptive_appearances,
          hangedman_spider_tarantella_strand
Spider:2: layout_spider_delve, uniq_nikola, uniq_aizul
Spider:3: mumra_spider_spiderweb, drop_trap, beargit_elvish_explorers
Spider:4: grunt_spider_rune_circles, special_room [special_room_bee],
          nicolae_spider_shape
Slime:1:  layout_caves
Slime:2:  layout_caves
Slime:3:  layout_caves
Slime:4:  layout_caves
Slime:5:  slime_pit_nicolae_jellycorners
Orc:1:    layout_caves
Orc:2:    st_orc_pillars, layout_caves, bloody_makhleb, uniq_erolcha
Elf:1:    layout_rooms, serial_shops, shop, minivault_28, door_vault,
          minmay_shoptagon
Elf:2:    nicolae_elf_blades_splatter_lattice [nooodl_blade_entry_preview],
          layout_geoelf_octagon, nicolae_elevator_lobby_plus
Elf:3:    elf_hall, layout_geoelf_diagonals, basic_altar, serial_shops, shop
Vaults:1: gammafunk_ghost_split, nicolae_vaults_network_s,
          vaults_mumra_bighexcomb, nicolae_vaults_tangram_1, v_alt_pattern_5,
          nicolae_vaults_little_squares_3, nicolae_vaults_two_Ls, serial_ice_b,
          vaults_room_pools, v_misc_4, layout_vaults_big_room, uniq_asterion
Vaults:2: grunt_vaults_twisty, nicolae_vaults_house_1, hangedman_vaults_stream,
          nicolae_vaults_angled_halls, nicolae_vaults_house_1,
          nicolae_vaults_tetromino_T_1, vaults_room_fours,
          nicolae_vaults_specimen_jars, nicolae_vaults_trapezoid_lopsided_1,
          minmay_crypt_entry_simple_box, layout_vaults_omnigrid, serial_shops,
          nicolae_shop_pleasant_corner_grove, enter_trove_0
Vaults:3: v_misc_9, nicolae_vaults_turnstiles, vaults_room_fours, v_misc_17,
          v_rooms_2, nicolae_vaults_storage_closets_1, hangedman_vaults_trim,
          nicolae_vaults_know_your_exits, grunt_vaults_focal, v_misc_8,
          layout_vaults_omnibox
Vaults:4: nicolae_vaults_shipping_containers_3, nicolae_vaults_little_squares_5,
          ontoclasm_vaults_eye, nicolae_vaults_network_square,
          ontoclasm_vaults_hangar, hangedman_vaults_slither,
          vaults_room_ringed_pool, hangedman_vaults_variations,
          nicolae_vaults_wine_cellar, layout_vaults_omnicross, serial_shops,
          shop
Vaults:5: serial_shops
Crypt:1:  layout_basic, grunt_megastairs_5
Crypt:2:  layout_chaotic_city, grunt_megastairs_1, uniq_sojobo
Crypt:3:  church_of_pain_bobbens, layout_chaotic_city,
          nicolae_tomb_entry_grand_gallery, uniq_grunn
Tomb:1
Tomb:2
Tomb:3
Depths:1: layout_basic, hangedman_geh_valley, hangedman_decor_slide_cut,
          abyss_entry_glasseish
Depths:2: minmay_the_grid_octo_tiled_squarecenter [minmay_the_grid_octo_clover,
          minmay_the_grid_octo_shrine, minmay_the_grid_octo_odd_swirl,
          minmay_the_grid_octo_clover_2,
          minmay_the_grid_square_5x5_megaprize_checkered,
          minmay_the_grid_square_5x5_corner,
          minmay_the_grid_square_5x5_beaten_path,
          minmay_the_grid_square_5x5_trominoes,
          minmay_the_grid_square_5x5_bracketed], layout_gridlike,
          reono_crystal_passage, hell_entry, gammafunk_ghost_grave,
          rand_demon_pan_entry_3
Depths:3: radiant_caverns_b_rkd, abyss_entry, hell_entry, pan_entry
Depths:4: evilmike_zot_entry_basic, layout_cave_shapes, enter_ziggurat_e,
          pf_hell_entry_tar_river, nicolae_twisty_statue_hallways,
          minmay_misc_feat_columns, hallowed_hall,
          roderic_lattice_octagonal_star, uniq_vv
Hell
Dis:1:    layout_jigsaw, minmay_strange_pillars
Dis:2:    layout_regular_city, nicolae_hells_hurtin_island
Dis:3:    layout_jigsaw
Dis:4:    layout_overlapping_boxes
Dis:5:    layout_jigsaw, nicolae_hells_seeping_fissure
Dis:6:    layout_jigsaw, nicolae_dis_scattering
Dis:7:    dis_st
Geh:1:    layout_gehenna_pools_box
Geh:2:    layout_gehenna_lava_caves
Geh:3:    layout_gehenna_pools_basic
Geh:4:    layout_gehenna_lava_caves
Geh:5:    layout_gehenna_pools_basic, nicolae_geh_lava_shack
Geh:6:    layout_gehenna_lava_caves
Geh:7:    geh_grunt
Coc:1:    layout_ice_bergs
Coc:2:    layout_cocytus_delve, tekkud_coc_lazy_river
Coc:3:    layout_ice_bergs
Coc:4:    layout_ice_bergs
Coc:5:    layout_cocytus_water_paths
Coc:6:    layout_ice_bergs
Coc:7:    coc_grunt_cove [coc_grunt_cove_antaeus, coc_grunt_cove_fiend,
          coc_grunt_cove_fiend, coc_grunt_cove_fiend, coc_grunt_cove_fiend]
Tar:1:    layout_catacombs
Tar:2:    layout_grid_maze
Tar:3:    layout_catacombs
Tar:4:    layout_grid_maze
Tar:5:    layout_honeycomb
Tar:6:    layout_grid_maze, nicolae_tar_cuneiform_not,
          nicolae_tar_cuneiform_bird
Tar:7:    tar_old
Zot:1:    layout_gridlike, hangedman_zot_gyre
Zot:2:    hangedman_snap_crack_crunch, layout_concentric_octagons,
          regret_index_zot_stipple_split
Zot:3:    nicolae_zot_draconian_monastery, layout_onion,
          regret_index_zotdec_barnacled_simple, guppyfry_library_mini
Zot:4:    layout_concentric_octagons, hangedman_zot_decor_slant
Zot:5:    layout_misc_corridors, regret_index_zotdec_zees, drop_trap

Skill      XL: |  1  2  3  4  5  6  7  8  9 10 11 12 13 14 15 16 17 18 19 20 21 22 23 24 25 26 27 |
---------------+----------------------------------------------------------------------------------+-----
Shields        | 2 3 4 5 6 8 10 12 14 15 16 17 18 19 20 27 | 27.0
Spellcasting   | 4 5 6 8 10 11 12 13 14 16 17 19 20 21 22 23 24 25 27 | 27.0
Conjurations   | 4 5 6 8 10 11 12 13 14 16 17 19 20 21 22 23 24 25 27 | 27.0
Hexes          | 4 5 6 8 10 11 12 13 14 16 17 19 20 21 22 23 24 25 27 | 27.0
Summonings     | 4 5 6 8 10 11 12 13 14 16 17 19 20 21 22 23 24 25 27 | 27.0
Necromancy     | 4 5 6 8 10 11 12 13 14 16 17 19 20 21 22 23 24 25 27 | 27.0
Translocations | 4 5 6 8 10 11 12 13 14 16 17 19 20 21 22 23 24 25 27 | 27.0
Fire Magic     | 4 5 6 8 10 11 12 13 14 16 17 19 20 21 22 23 24 25 27 | 27.0
Ice Magic      | 4 5 6 8 10 11 12 13 14 16 17 19 20 21 22 23 24 25 27 | 27.0
Air Magic      | 4 5 6 8 10 11 12 13 14 16 17 19 20 21 22 23 24 25 27 | 27.0
Earth Magic    | 4 5 6 8 10 11 12 13 14 16 17 19 20 21 22 23 24 25 27 | 27.0
Alchemy        | 4 5 6 8 10 11 12 13 14 16 17 19 20 21 22 23 24 25 27 | 27.0
Fighting       | 4 7 9 10 12 13 14 16 17 18 19 20 21 22 27 | 27.0
Armour         | 2 3 26 | 26.5
Axes           | 1 |  1.5
Evocations     | 2 6 18 | 18.0
Dodging        | 10 27 | 27.0
Long Blades    | 14 | 14.0
Stealth        | |  1.5

Action                     |  1- 3 |  4- 6 |  7- 9 | 10-12 | 13-15 | 16-18 | 19-21 | 22-24 | 25-27 || total
---------------------------+-------+-------+-------+-------+-------+-------+-------+-------+-------++-------
  Melee: Staff             |       |       |       |    10 |     4 |       |       |    35 |    40 ||    89
         Headbutt          |       |       |       |     5 |    33 |    16 |       |       |    23 ||    77
         Pseudopods        |       |       |       |       |    46 |    16 |       |       |       ||    62
         Broad axe         |       |       |       |       |   119 |       |       |       |    10 ||   129
         Bo                |       |       |       |       |     1 |    41 |    42 |    21 |       ||   105
         Bite              |       |       |       |       |     1 |    11 |     6 |    13 |    23 ||    54
         Eudemon blade     |       |       |       |       |       |       |       |       |    55 ||    55
   Cast: Foxfire           |    60 |    62 |   176 |   209 |   359 |   229 |     2 |     1 |    13 ||  1111
         Scorch            |     7 |    15 |    43 |    77 |   161 |   182 |     3 |     3 |     6 ||   497
         Shock             |     1 |     2 |     3 |    11 |    14 |     6 |       |       |       ||    37
         Volatile Blastmot |       |     7 |     1 |    30 |    18 |     6 |     3 |     3 |     2 ||    70
         Inner Flame       |       |     1 |     1 |    11 |     4 |       |     1 |     3 |     1 ||    22
         Flame Wave        |       |     2 |     6 |    13 |    91 |    79 |       |       |     3 ||   194
         Fugue of the Fall |       |       |     1 |     1 |     1 |     3 |       |       |     2 ||     8
         Mephitic Cloud    |       |       |     2 |    15 |    25 |    24 |       |       |     1 ||    67
         Iskenderun's Batt |       |       |       |     6 |     7 |     5 |     2 |     8 |    20 ||    48
         Summon Mana Viper |       |       |       |       |    16 |     8 |     3 |     8 |    20 ||    55
         Summon Cactus Gia |       |       |       |       |     7 |    12 |     7 |    20 |    19 ||    65
         Plasma Beam       |       |       |       |       |       |   168 |   388 |   503 |  2297 ||  3356
         Ozocubu's Refrige |       |       |       |       |       |       |    58 |    91 |   644 ||   793
         Monstrous Menager |       |       |       |       |       |       |       |    22 |    70 ||    92
         Momentum Strike   |       |       |       |       |       |       |       |     1 |       ||     1
         Lehudib's Crystal |       |       |       |       |       |       |       |       |   602 ||   602
         Disjunction       |       |       |       |       |       |       |       |       |    31 ||    31
         Polar Vortex      |       |       |       |       |       |       |       |       |    64 ||    64
 Invoke: Oozemancy         |       |       |       |     1 |     3 |     8 |     1 |     9 |    29 ||    51
         Slimify           |       |       |       |       |       |       |     1 |       |     2 ||     3
  Evoke: Wand              |       |       |       |     2 |       |     1 |     1 |       |    21 ||    25
         Phantom mirror    |       |       |       |       |       |       |       |       |     3 ||     3
         Horn of Geryon    |       |       |       |       |       |       |       |       |     2 ||     2
         Phial of floods   |       |       |       |       |       |       |       |       |     2 ||     2
    Use: Scroll            |       |       |     5 |    12 |     5 |     4 |     8 |       |    46 ||    80
         Potion            |       |       |       |       |     2 |       |       |     1 |    45 ||    48
   Stab: Confused          |       |       |       |       |     7 |       |       |       |     4 ||    11
         Distracted        |       |       |       |       |     1 |       |       |     2 |     1 ||     4
         Sleeping          |       |       |       |       |     1 |       |       |       |     1 ||     2
         Paralysed         |       |       |       |       |       |       |       |       |     2 ||     2
         Invisible         |       |       |       |       |       |       |       |       |     1 ||     1
 Armour: Robe              |     6 |    25 |    73 |    90 |   184 |       |       |       |       ||   378
         Troll leather arm |       |       |       |    14 |   272 |   336 |    85 |   114 |   482 ||  1303
         Leather armour    |       |       |       |       |       |       |       |       |    53 ||    53
         Skin              |       |       |       |       |       |       |       |       |    31 ||    31
  Dodge: Dodged            |     8 |    16 |    56 |    59 |   170 |   110 |    33 |    68 |   601 ||  1121
  Block: Buckler           |       |       |    28 |    21 |       |       |       |       |       ||    49
         Tower shield      |       |       |       |    55 |   591 |   639 |     9 |       |   770 ||  2064
         Kite shield       |       |       |       |       |       |       |    87 |   123 |   276 ||   486
Riposte: Staff             |       |       |       |       |       |       |       |       |   104 ||   104
         Eudemon blade     |       |       |       |       |       |       |       |       |    85 ||    85
